 Dungeon Crawl Stone Soup version 0.30-a0-782-ge64f9170bb (webtiles) character file.

Game seed: 4260596808408415729

12386053 jujucrawl the Conqueror (level 27, 199/199 HPs)
             Began as a Gargoyle Fighter on Mar 7, 2023.
             Was an Elder of the Shining One.
             Escaped with the Orb
             ... and 15 runes on Mar 8, 2023!
             The game lasted 11:16:59 (131883 turns).

jujucrawl the Conqueror (Gargoyle Fighter)        Turns: 131883, Time: 11:17:00

Health: 199/199    AC: 68    Str: 21    XL:     27
Magic:  45/45      EV: 20    Int: 10    God:    the Shining One [****..]
Gold:   14799      SH: 25    Dex: 22    Spells: 16/72 levels left

rFire   + + +      SeeInvis +    a - +9 eveningstar (holy)
rCold   + + .      Faith    .    d - +5 kite shield of Sif Muna's Delight {+Inv rCorr Str-2 Dex+9}
rNeg    + + +      Spirit   .    G - +9 scales of the Dragon King {rPois rF+ rC+ Will+}
rPois   ∞          Reflect  .    (helmet restricted)
rElec   +          Harm     .    m - +2 cloak {Will+}
rCorr   +          Rampage  +    c - +2 pair of gloves of Evolution {rN++ SInv}
Will    +++++                    n - +1 pair of boots of the Invisible Hand {Rampage} Stlth
                                 V - amulet of Jatsauxt {Acrobat Regen+}
HPRegen 1.33/turn                K - ring "Xigefaof" {rF+ rC+ rN+ Str-4 Int+2}
MPRegen 0.29/turn                I - ring of the Rabble {rF++ Will+ rCorr}

@: flying, glowing, studying 3 skills
A: sickness immunity, AC +20, big wings, negative energy resistance 1,
electricity resistance, torment resistance 1, petrification resistance, claws 2,
horns 1, dopey 2, low MP 1
0: Orb of Zot
}: 15/15 runes: barnacled, slimy, silver, golden, iron, obsidian, icy, bone,
abyssal, demonic, glowing, magical, fiery, dark, gossamer
a: Renounce Religion, Evoke Invisibility, Divine Shield, Cleansing Flame


You escaped.
You worshipped the Shining One.
The Shining One was greatly pleased with you.
You visited 18 branches of the dungeon, and saw 88 of its levels.
You visited Pandemonium 2 times, and saw 19 of its levels.
You visited the Abyss 7 times.
You visited 2 ziggurats, and saw 43 of their levels (deepest: 23).
You also visited: Trove, Bailey, Gauntlet, Ice Cave and Wizlab.

You collected 18438 gold pieces.
You spent 3223 gold pieces at shops.
You donated 416 gold pieces to Zin.

Inventory:

Hand Weapons
 a - a +9 eveningstar of holy wrath (weapon)
 b - a +9 antimagic morningstar
 j - the +8 lance "Wyrmbane" {slay drac, rPois rF+ rC+ AC+3}
   (You found it on level 19 of a ziggurat)

   AC:        It affects your AC (+3).
   rF:        It protects you from fire.
   rC:        It protects you from cold.
   rPois:     It protects you from poison.
Missiles
 F - 46 javelins
Armour
 c - the +2 pair of gloves of Evolution (worn) {rN++ SInv}
   (You found it on level 6 of a ziggurat)

   rN:        It greatly protects you from negative energy.
   SInv:      It lets you see invisible.
 d - the +5 kite shield of Sif Muna's Delight (worn) {+Inv rCorr Str-2 Dex+9}
   (You acquired it on level 4 of the Vaults)

   Str:       It affects your strength (-2).
   Dex:       It affects your dexterity (+9).
   +Inv:      It lets you turn invisible.
   rCorr:     It protects you from acid and corrosion.
 m - a +2 cloak of willpower (worn)
 n - the +1 pair of boots of the Invisible Hand (worn) {Rampage}
   (You found it on level 7 of the Iron City of Dis)

   Rampage:   It bestows one free step when moving towards enemies.
 v - the +1 helmet of Purpose {Regen+ SInv}
   (You found it on level 17 of a ziggurat)

   SInv:      It lets you see invisible.
   Regen:     It increases your rate of health regeneration.
 G - the +9 scales of the Dragon King (worn) {rPois rF+ rC+ Will+}
   (You found it on level 14 of a ziggurat)

   rF:        It protects you from fire.
   rC:        It protects you from cold.
   rPois:     It protects you from poison.
   Will:      It increases your willpower.
 T - the +4 cloak of Enanux {Harm +Blink Dex+3}
   (You found it on level 14 of a ziggurat)

   Dex:       It affects your dexterity (+3).
   +Blink:    It lets you blink.
   Harm:      It increases damage dealt and taken.
Jewellery
 e - the ring "Doun" {EV+5 Dex+4}
   (You found it on level 19 of a ziggurat)

   [ring of evasion]

   EV:        It affects your evasion (+5).
   Dex:       It affects your dexterity (+4).
 t - a +4 ring of slaying
 w - the brooch of Shielding {Spirit SH+8}
   (You found it on level 22 of a ziggurat)

   [amulet of guardian spirit]

   It causes incoming damage to be divided between your reserves of health and
   magic.
   SH:        It affects your SH (+8).
 I - the ring of the Rabble (right hand) {rF++ Will+ rCorr}
   (You bought it in a shop on level 2 of the Dungeon)

   [ring of resist corrosion]

   rF:        It greatly protects you from fire.
   rCorr:     It protects you from acid and corrosion.
   Will:      It increases your willpower.
 J - the amulet "Onipaiw" {Spirit rF+}
   (You found it on level 17 of a ziggurat)

   [amulet of guardian spirit]

   It causes incoming damage to be divided between your reserves of health and
   magic.
   rF:        It protects you from fire.
 K - the ring "Xigefaof" (left hand) {rF+ rC+ rN+ Str-4 Int+2}
   (You bought it in a shop in Pandemonium)

   [ring of positive energy]

   Str:       It affects your strength (-4).
   Int:       It affects your intelligence (+2).
   rF:        It protects you from fire.
   rC:        It protects you from cold.
   rN:        It protects you from negative energy.
 Q - the ring of the Serpent {rElec rN+ Will+ Dex+4}
   (You found it on level 10 of a ziggurat)

   [ring of willpower]

   Dex:       It affects your dexterity (+4).
   rElec:     It insulates you from electricity.
   rN:        It protects you from negative energy.
   Will:      It increases your willpower.
 S - the amulet "Fisiulud" {Reflect rPois Str+3 SH+5}
   (You found it on level 3 of the Elven Halls)

   [amulet of reflection]

   It reflects blocked missile attacks.
   Str:       It affects your strength (+3).
   rPois:     It protects you from poison.
   SH:        It affects your SH (+5).
 U - the ring of the Tortoise {AC+8}
   (You found it on level 7 of Tartarus)

   [ring of protection]

   AC:        It affects your AC (+8).
 V - the amulet of Jatsauxt (around neck) {Acrobat Regen+}
   (You found it on level 21 of a ziggurat)

   [amulet of the acrobat]

   It increases your evasion while moving and waiting.
   Regen:     It increases your rate of health regeneration.
 X - the ring "Tanuusk" {rF++ rC- rCorr MP+9 Dex+4}
   (You found it on level 18 of a ziggurat)

   [ring of magical power]

   Dex:       It affects your dexterity (+4).
   rF:        It greatly protects you from fire.
   rC:        It makes you vulnerable to cold.
   MP:        It affects your magic capacity (+9).
   rCorr:     It protects you from acid and corrosion.
Wands
 p - a wand of digging (3)
Scrolls
 f - 30 scrolls of teleportation
 h - 9 scrolls of fog
 i - 2 scrolls of enchant weapon
 k - 4 scrolls of fear
 r - 6 scrolls of blinking
 s - 2 scrolls of amnesia
 u - 4 scrolls of poison
 x - a scroll of summoning
 y - 8 scrolls of brand weapon
 A - 6 scrolls of magic mapping
 L - 3 scrolls of immolation
 M - 4 scrolls of enchant armour
 Y - 10 scrolls of silence
Potions
 l - 8 potions of cancellation
 o - 11 potions of curing
 q - 3 potions of haste
 B - 3 potions of resistance
 H - 6 potions of berserk rage
 N - 6 potions of lignification
 P - 6 potions of brilliance
Miscellaneous
 C - a phial of floods
 E - a box of beasts
 Z - a phantom mirror


   Skills:
 O Level 27 Fighting
 - Level 0.2 Short Blades
 - Level 18.6(23.4) Axes
 - Level 25.5(27) Maces & Flails
 O Level 27 Armour
 O Level 27 Dodging
 O Level 27 Shields
 + Level 23.4 Spellcasting
 - Level 11.3 Hexes
 + Level 24.7 Translocations
 - Level 10.5 Transmutations
 - Level 4.1 Fire Magic
 - Level 14.0 Air Magic
 + Level 20.7 Earth Magic
 - Level 6.5 Poison Magic
 O Level 27 Invocations
 - Level 8.2 Evocations


You had 16 spell levels left.
You knew the following spells:

 Your Spells              Type           Power      Damage    Failure   Level
a - Blink                 Tloc           100%       N/A       0%          2
b - Cause Fear            Hex            17%        N/A       3%          4
c - Teleport Other        Tloc           57%        N/A       0%          3
d - Swiftness             Air            39%        N/A       1%          3
e - Passwall              Tmut/Erth      35%        N/A       1%          2
f - Dispersal             Tloc           28%        N/A       1%          6
g - Yara's Violent Unrav  Hex/Tmut       16%        3d8       11%         5
h - Disjunction           Tloc           28%        N/A       9%          8
i - Ignite Poison         Fire/Tmut/Pois 25%        N/A       5%          3
j - Vhi's Electric Charg  Tloc/Air       100%       N/A       1%          3
k - Passage of Golubria   Tloc           57%        N/A       0%          4
l - Maxwell's Capacitive  Air            19%        ∞         100%        8
m - Lesser Beckoning      Tloc           100%       N/A       0%          2
n - Apportation           Tloc           100%       N/A       0%          1
o - Wereblood             Tmut           32%        N/A       1%          2

Your spell library contained the following spells:

 Spells                   Type           Power      Damage    Failure   Level
 Sandblast                Erth           100%       2d20      0%          1
 Gell's Gravitas          Tloc           57%        N/A       0%          3
 Manifold Assault         Tloc           57%        N/A       0%          4
 Beastly Appendage        Tmut           64%        N/A       1%          1
 Shock                    Conj/Air       100%       1d9       1%          1
 Slow                     Hex            100%       N/A       1%          1
 Sting                    Tmut/Pois      100%       1d8       1%          1
 Momentum Strike          Conj/Tloc      72%        3d10      1%          2
 Poisonous Vapours        Pois/Air       64%        N/A       1%          2
 Confusing Touch          Hex            34%        N/A       1%          3
 Kindle Blastsparks       Fire/Tloc/Air  80%        2d16      1%          3
 Portal Projectile        Hex/Tloc       94%        N/A       1%          3
 Stone Arrow              Conj/Erth      64%        3d11      1%          3
 Tukima's Dance           Hex            34%        N/A       1%          3
 Airstrike                Air            19%        2d(3-19)  1%          4
 Iskenderun's Mystic Bla  Conj/Tloc      36%        2d9       1%          4
 Leda's Liquefaction      Hex/Erth       21%        N/A       1%          4
 Petrify                  Tmut/Erth      43%        N/A       1%          4
 Lee's Rapid Deconstruct  Erth           26%        3d14*     1%          5
 Static Discharge         Conj/Air       50%        2-5/arc   2%          2
 Spider Form              Tmut/Pois      28%        N/A       3%          3
 Ensorcelled Hibernation  Hex/Ice        46%        N/A       4%          2
 Inner Flame              Hex/Fire       27%        N/A       4%          3
 Animate Armour           Summ/Erth      64%        N/A       4%          4
 Silence                  Hex/Air        18%        N/A       4%          5
 Mephitic Cloud           Conj/Pois/Air  25%        N/A       6%          3
 Summon Forest            Summ/Tloc      18%        N/A       6%          5
 Dazzling Flash           Conj/Hex       46%        N/A       10%         3
 Summon Guardian Golem    Hex/Summ       23%        N/A       10%         3
 Blade Hands              Tmut           16%        N/A       12%         5
 Borgnjor's Vile Clutch   Necr/Erth      16%        N/A       13%         5
 Foxfire                  Conj/Fire      60%        2x1d7     14%         1
 Summon Lightning Spire   Summ/Air       25%        N/A       19%         4
 Olgreb's Toxic Radiance  Pois           24%        N/A       22%         4
 Alistair's Intoxication  Tmut/Pois      18%        N/A       28%         5
 Freeze                   Ice            44%        1d6       32%         1
 Kiss of Death            Conj/Necr      44%        2d8       32%         1
 Magic Dart               Conj           44%        1d5       32%         1
 Necrotise                Necr           44%        1d6       32%         1
 Summon Small Mammal      Summ           44%        N/A       32%         1
 Fulminant Prism          Conj/Hex       11%        3d9       32%         4
 Ice Form                 Ice/Tmut       22%        N/A       36%         4
 Call Imp                 Summ           11%        N/A       45%         2
 Searing Ray              Conj           22%        2d5       45%         2
 Arcjolt                  Conj/Air       12%        1d22      45%         5
 Lightning Bolt           Conj/Air       12%        1d26      45%         5
 Iron Shot                Conj/Erth      16%        9d4       58%         6
 Metabolic Englaciation   Hex/Ice        11%        N/A       65%         5
 Summon Mana Viper        Hex/Summ       23%        N/A       65%         5
 Call Canine Familiar     Summ           11%        N/A       69%         3
 Frozen Ramparts          Ice            22%        1d4       69%         3
 Hailstorm                Conj/Ice       11%        3d5       69%         3
 Ozocubu's Armour         Ice            11%        N/A       69%         3
 Irradiate                Conj/Tmut      11%        3d15      71%         5
 Flame Wave               Conj/Fire      15%        2d7       80%         4
 Sticky Flame             Conj/Fire      15%        2d4       80%         4
 Freezing Cloud           Conj/Ice/Air   10%        6-21      80%         5
 Eringya's Noxious Bog    Tmut/Pois      14%        N/A       83%         6
 Malign Gateway           Summ/Tloc      18%        N/A       87%         7
 Storm Form               Tmut/Air       18%        N/A       87%         7
 Enfeeble                 Hex            17%        N/A       95%         7
 Conjure Ball Lightning   Conj/Air       12%        3x3d6     96%         6
 Dispel Undead            Necr           11%        3d9       97%         4
 Summon Ice Beast         Ice/Summ       11%        N/A       97%         4
 Fireball                 Conj/Fire      7%         3d5       98%         5
 Dragon Form              Tmut           16%        N/A       98%         7
 Agony                    Necr           11%        N/A       100%        5
 Iskenderun's Battlesphe  Conj           11%        2d7       100%        5
 Simulacrum               Ice/Necr       5%         N/A       100%        6
 Starburst                Conj/Fire      7%         6d4       100%        6
 Summon Cactus Giant      Summ           5%         N/A       100%        6
 Monstrous Menagerie      Summ           5%         N/A       100%        7
 Orb of Destruction       Conj           5%         9d5       100%        7
 Ozocubu's Refrigeration  Ice            5%         4d8       100%        7
 Spellforged Servitor     Conj/Summ      5%         N/A       100%        7
 Summon Hydra             Summ           5%         N/A       100%        7
 Discord                  Hex            17%        N/A       100%        8
 Ignition                 Fire           10%        3d5       100%        8
 Lehudib's Crystal Spear  Conj/Erth      16%        10d5      100%        8
 Chain Lightning          Conj/Air       12%        3d16      100%        9
 Dragon's Call            Summ           5%         N/A       100%        9
 Fire Storm               Conj/Fire      7%         8d2       100%        9
 Polar Vortex             Ice            5%         N/A       100%        9
 Shatter                  Erth           26%        3d22*     100%        9
 Cigotuvi's Dreadful Rot  Necr/Pois/Air  Unusable   N/A       N/A         2
 Statue Form              Tmut/Erth      Unusable   N/A       N/A         6
 Sublimation of Blood     Necr           Unusable   N/A       N/A         2

Dungeon Overview and Level Annotations

Branches:
Dungeon (15/15)            Temple (1/1) D:4            Lair (5/5) D:10
 Shoals (4/4) Lair:2       Spider (4/4) Lair:3        Slime (5/5) Lair:5
    Orc (2/2) D:12            Elf (3/3) Orc:2        Vaults (5/5) D:13
  Crypt (3/3) Vaults:2       Tomb (3/3) Crypt:3      Depths (4/4) D:15
   Hell (visited)             Dis (7/7) Hell            Geh (7/7) Hell
    Coc (7/7) Hell            Tar (7/7) Hell            Zot (5/5) Depths:4
 Bailey (visited)           IceCv (visited)          WizLab (visited)
Gauntlet (visited)

Altars:
Ashenzari
Cheibriados
Dithmenos
Elyvilon
Fedhas
Gozag
Hepliaklqana
Kikubaaqudgha
Makhleb
Nemelex Xobeh
Okawaru
Qazlal
Ru
Sif Muna
Trog
Uskayaw
Vehumet
Wu Jian
Xom
Yredelemnul
Zin
The Shining One
Jiyva

Shops:
D:2 =   Orc:2 (([=!   Elf:1 (=*   Shoals:1 **   Vaults:4 (   Depths:3 *

Portals:
Hell: Depths:1 Depths:2 Depths:3 Depths:4
Abyss: Depths:2 Depths:3
Pandemonium: Depths:2 Depths:3

Annotations:
Zot:3 1 transporter


Innate Abilities, Weirdness & Mutations

You are immune to sickness and miasma.
Your stone body is resilient. (AC +20)
You are immune to poison.
Your large and strong wings let you fly.
You resist negative energy. (rN+)
You are resistant to electric shocks. (rElec)
You are resistant to unholy torment.
You are immune to petrification.
You have very sharp fingernails.
You have a pair of small horns on your head.
You are very dopey. (Int -4)
Your magical capacity is low. (-10% MP)


Message History

You hit the Orb Guardian. You headbutt the Orb Guardian!
The Orb Guardian is lightly wounded.
You block the Orb Guardian's attack.
You bludgeon the Orb Guardian!!
The Orb Guardian is moderately wounded.
You block the Orb Guardian's attack.
You hit the Orb Guardian.
The Orb Guardian is moderately wounded.
The Orb Guardian misses you.
You puncture the Orb Guardian!
You headbutt the Orb Guardian, but do no damage.
The Orb Guardian is heavily wounded.
The Orb Guardian hits you but does no damage.
You thump the Orb Guardian!
The Orb Guardian is severely wounded.
You block the Orb Guardian's attack.
You impale the Orb Guardian!!
The Orb Guardian is almost dead.
You block the Orb Guardian's attack.
You barely miss the Orb Guardian.
You headbutt the Orb Guardian, but do no damage.
The Orb Guardian is almost dead.
You block the Orb Guardian's attack.
You impale the Orb Guardian!!
You kill the Orb Guardian!
(D) Dungeon (T) Temple (L) Lair (A) Shoals (N) Spider Nest (M) Slime Pits (O) Orcish Mines (E) Elven Halls (V) Vaults (C) Crypt (W) Tomb (U) Depths (H) Hell (I) Dis (G) Gehenna (X) Cocytus (Y) Tartarus (Z) Zot
Where to? (Enter - D:3 @ (x,y), ? - help)
There is an escape hatch in the ceiling here.
A mysterious force pulls you upwards. The hatch slams shut behind you.
There is a stone staircase leading up here.
You fly upwards.
There is a stone staircase leading down here.
There is a staircase leading out of the dungeon here.
Unknown command.
Unknown command.
You have escaped!

#.#######...# ### #.#.#
#.........#.###.# #.#.#
#######.###.....# #.#.#
#...###.#.#.### #.#.#
#.###.........# #.#.###
####.###.#.#.#.#.####
#.#....
#..........#.#......#
#.####.
#.####.#.###.###.#.##
#.####. #.#
#......@......####......
#)#
##.#.###.###.#.##........
#.#
#......#.#........##.####
#.#
####.#.#.#.#.#######.#...
#.# #.........# #.#.##
#.# #####.#.#.### #.#.#
#.# #...#.....# #.#.# #.#
#.#.#.###.# #.#.# #.#
#.#.#)..###########.#.#


There were no monsters in sight!

Vanquished Creatures
  Cerebov (Pan)
  Asmodeus (Geh:7)
  Antaeus (Coc:7)
  the Royal Jelly (Slime:5)
  Ereshkigal (Tar:7)
  Gloorx Vloq (Pan)
  the Serpent of Hell (Dis:7)
  Ignacio (Pan)
  Dispater (Dis:7)
  14 dread liches
  12 ancient liches
  5 orbs of fire
  Mennas (Pan)
  5 juggernauts
  21 royal mummies
  18 shard shrikes
  A caustic shrike (shapeshifter) (Zot:1)
  20 Killer Klowns
  A curse toe (Zot:1)
  Geryon (Hell)
  48 caustic shrikes
  8 profane servitors
  30 pandemonium lords
  The ghost of Xiuhytzi the Slayer, an adept MiFi of Cheibriados (Zot:2)
  23 golden dragons
  Nikola (Vaults:2)
  The ghost of Ymilidghe the Brawler, an adept TrGl of Elyvilon (Vaults:4)
  29 Tzitzimimeh
  Arachne (Spider:2)
  26 bone dragons
  A shard shrike zombie (Tar:7)
  13 iron giants
  2 pearl dragons (Zig:11)
  21 Brimstone Fiends
  4 electric golems
  12 doom hounds
  6 hellephants
  Zenata (Elf:1)
  38 Ice Fiends
  3 spectral shard shrikes
  18 tentacled monstrosities
  12 liches
  26 Orb Guardians
  A walking crystal tome (Zig:12)
  24 Hell Sentinels
  Asterion (Vaults:1)
  9 quicksilver dragons
  17 tainted leviathans
  2 deep elf blademasters
  26 titans
  10 deep elf master archers
  24 searing wretches
  29 acid blobs
  2 sphinxes (shapeshifter) (Zig:20)
  35 Executioners
  Frances (Elf:1)
  6 death cobs
  Polyphemus (Shoals:3)
  37 ancient champions
  A shadow dragon (shapeshifter) (Zig:20)
  Kirke (Spider:2)
  18 sphinxes
  5 tentacled starspawn
  An eldritch tentacle (Pan)
  Agnes (Elf:1)
  11 tengu reavers
  19 storm dragons
  11 draconian monks
  13 shadow dragons
  Roxanne (Elf:1)
  12 rockslimes
  A fenstrider witch (shapeshifter) (Zig:20)
  14 revenants
  24 azure jellies
  Donald (Elf:2)
  12 emperor scorpions
  31 nagarajas
  A fenstrider witch (Zig:10)
  10 draconian knights
  17 demonspawn warmongers
  4 daevas
  12 quicksilver elementals
  A frost giant (shapeshifter) (Zig:17)
  25 narguns
  30 fire giants
  The ghost of Nog Kykopnig the Devastator, an adept TeAE of Vehumet (Lair:1)
  7 deep elf sorcerers
  20 frost giants
  A spectral juggernaut (Crypt:3)
  4 iron dragons
  A juggernaut zombie (Tar:7)
  A caustic shrike zombie (Depths:1)
  6 draconian scorchers
  8 shard shrike simulacra
  A ghost moth (shapeshifter) (Vaults:5)
  59 balrugs
  10 curse skulls
  8 draconian shifters
  18 vault wardens
  26 ghost moths
  4 deep elf elementalists (Elf:3)
  The ghost of funkygono the Fencer, a journeyman MiFi of Makhleb (Orc:2)
  6 spectral caustic shrikes
  33 cacodemons
  3 orc warlords
  13 ghouls
  26 reapers
  12 draconian annihilators
  39 very ugly things
  2 spriggan defenders
  44 war gargoyles
  13 quicksilver oozes
  12 demonspawn corrupters
  6 broodmothers
  15 demonspawn blood saints
  19 ironbound preservers
  24 stone giants
  10 draconian stormcallers
  2 stone giants (shapeshifter)
  5 ophanim
  A juggernaut skeleton (Crypt:3)
  16 demonspawn black suns
  A quicksilver ooze (shapeshifter) (Zig:15)
  22 elemental wellsprings
  16 black draconians
  9 ironbound thunderhulks
  14 vampire knights
  4 eleionomae
  2 minotaurs
  21 green draconians
  21 putrid mouths
  19 dire elephants
  3 spark wasps
  21 wendigos
  28 lorocyprocas
  A bunyip (shapeshifter) (Zig:17)
  2 apis (Zig:11)
  16 deep elf demonologists
  13 red draconians
  7 bennus
  2 dire elephants (shapeshifter)
  12 deep elf annihilators
  17 purple draconians
  13 yellow draconians
  3 bunyips
  15 white draconians
  2 spectral titans
  26 blizzard demons
  15 deep elf death magi
  23 eidola
  26 green deaths
  30 iron golems
  28 merfolk javelineers
  A crystal guardian (Vaults:1)
  16 fire dragons
  An entropy weaver (shapeshifter) (D:15)
  31 mummy priests
  17 great orbs of eyes
  28 ettins
  16 merfolk impalers
  6 deep elf high priests
  9 entropy weavers
  Josephine (D:15)
  A spectral iron giant (Crypt:3)
  35 vault guards
  4 spectral spriggans
  2 spectral quicksilver dragons
  9 ice dragons
  10 jiangshi
  A shambling mangrove (Zig:12)
  30 yaktaur captains
  12 hydras
  20 salamander tyrants
  14 hell beasts
  The ghost of soark the Destroyer, a journeyman DsCj of Vehumet (Lair:1)
  10 juggernaut simulacra
  12 peacekeepers
  6 rakshasas
  3 radroaches
  10 caustic shrike simulacra
  Erolcha (Orc:2)
  A spectral shadow dragon (Zot:2)
  17 centaur warriors
  3 spriggan skeletons (Tar:7)
  A quicksilver dragon skeleton (Pan)
  3 spriggan air magi
  15 merfolk aquamancers
  Erica (Lair:1)
  5 catoblepae
  4 ogre magi
  The ghost of jujucrawl the Fighter, a journeyman GrFi of Zin (D:10)
  A catoblepas (shapeshifter) (Zig:20)
  2 ghost crabs
  7 two-headed ogres
  9 ironbound frosthearts
  5 satyrs
  43 dancing weapons
  4 jorogumos
  4 merfolk avatars
  5 stokers
  6 alligator snapping turtles
  A two-headed ogre (shapeshifter) (Zig:19)
  13 boulder beetles
  A boulder beetle (shapeshifter) (Zig:20)
  2 anacondas (Zig:21)
  29 death scarabs
  3 spectral draconians (Zot:2)
  5 alligators
  29 death yaks
  The ghost of Pag Assur the Fighter, a journeyman VSBr of Gozag (Lair:1)
  8 deep troll shamans
  3 thrashing horrors
  4 tengu warriors
  6 orc high priests
  3 spectral dire elephants
  6 holy swine (Pan)
  8 deep troll earth magi
  2 naga warriors (Zig:21)
  Urug (D:12)
  6 hell knights
  7 naga sharpshooters
  115 sun demons
  A storm dragon zombie (Crypt:3)
  35 hell hogs
  17 vampire magi
  2 spectral storm dragons (Zot:2)
  12 deep elf knights
  4 spriggan berserkers
  4 crystal echidnas
  6 shock serpents
  An iron troll (shapeshifter) (Zot:1)
  3 spectral nagas (Tar:1)
  A shock serpent (shapeshifter) (Zig:20)
  A titan skeleton (Zig:11)
  A fire crab (Zig:4)
  2 fire crabs (shapeshifter)
  2 iron trolls
  A sun moth (Spider:1)
  45 soul eaters
  7 wretched stars
  A spectral elf (Vaults:4)
  30 sixfirhies
  45 shadow wraiths
  8 pharaoh ants
  25 skeletal warriors
  5 death drakes
  4 spriggan druids
  A skyshark (shapeshifter) (Zig:19)
  A spectral anaconda (Tar:4)
  A storm dragon skeleton (Pan)
  An iron giant zombie (Crypt:3)
  A bunyip zombie (Crypt:3)
  55 deep trolls
  6 glowing orange brains
  20 swamp dragons
  9 orb spiders
  20 sea snakes
  5 bog bodies
  A skyshark (Shoals:1)
  3 cherubim (Zig:11)
  19 shadow demons
  4 quicksilver dragon simulacra
  8 flayed ghosts
  A fenstrider witch simulacrum (Hell)
  A kraken simulacrum (Coc:7)
  2 goliath frogs
  11 deep elf archers
  3 naga ritualists (Zig:21)
  17 ironbound convokers
  A ghost moth zombie (Crypt:1)
  4 obsidian statues
  3 orange crystal statues
  7 spectral wolf spiders (Spider:4)
  2 spectral hydras
  An anaconda skeleton (Crypt:2)
  36 phantasmal warriors
  A steelbarb worm (shapeshifter) (Vaults:5)
  11 wizards
  An iron giant skeleton (Crypt:1)
  3 mana vipers
  11 necromancers
  12 lindwurms
  3 lindwurms (shapeshifter)
  4 wolf spider zombies (Spider:4)
  30 orc knights
  A harpy (shapeshifter) (Abyss:4)
  35 harpies
  27 starcursed masses
  43 ugly things
  A golden dragon skeleton (Crypt:2)
  2 stone giant zombies
  4 steelbarb worms
  9 orc sorcerers
  18 manticores
  28 deep elf pyromancers
  30 deep elf zephyrmancers
  2 spectral ettins
  A frost giant zombie (Depths:1)
  7 shining eyes
  A manticore (shapeshifter) (Zig:17)
  10 cyclopes
  3 fauns (shapeshifter)
  6 salamanders
  3 will-o-the-wisps
  25 wolf spiders
  An elephant (shapeshifter) (Zig:19)
  86 large abominations
  2 oklob plants (Lair:5)
  21 fauns
  An iron dragon skeleton (Tomb:2)
  9 merfolk sirens
  A moth of wrath (shapeshifter) (Zot:1)
  2 worldbinders (Abyss:4)
  34 moths of wrath
  15 elephants
  18 black mambas
  6 ice statues
  22 vault sentinels
  A stone giant skeleton (Crypt:3)
  40 demonic crawlers
  A skyshark zombie (Crypt:2)
  4 titan simulacra
  2 spectral centaurs
  5 apocalypse crabs
  A centaur zombie (D:15)
  8 guardian serpents
  2 fire giant skeletons
  A guardian serpent (shapeshifter) (Vaults:4)
  A draconian skeleton (Pan)
  9 torpor snails
  43 orange demons
  6 naga magi
  A naga zombie (Tar:7)
  12 water nymphs
  4 rust devils
  6 gargoyles (WizLab)
  6 eyes of devastation
  An emperor scorpion simulacrum (Coc:1)
  8 molten gargoyles
  72 smoke demons
  14 cane toads
  2 centaur skeletons
  29 hellions
  2 dire elephant skeletons (Pan)
  6 rime drakes
  12 komodo dragons
  2 kobold demonologists (Abyss:4)
  Maggie (D:9)
  2 unseen horrors
  A yaktaur (shapeshifter) (Abyss:4)
  31 yaktaurs
  An iron troll zombie (Crypt:2)
  A spriggan zombie (Depths:1)
  A swamp worm zombie (Crypt:3)
  A tengu conjurer (Depths:4)
  A purple draconian skeleton (Crypt:1)
  9 anaconda simulacra
  9 efreet
  9 ice devils
  28 guardian mummies
  3 iron giant simulacra
  28 tormentors
  4 golden dragon simulacra
  A minotaur skeleton (Crypt:3)
  23 freezing wraiths
  4 spectral harpies
  6 ancient zymes
  A death drake zombie (Crypt:2)
  A catoblepas skeleton (Crypt:3)
  4 harpy zombies
  A spectral moth of wrath (Zot:2)
  26 hellwings
  51 merfolk
  2 wolf spider simulacra (Spider:4)
  A hydra zombie (Tar:7)
  13 meliai
  9 red devils
  2 silent spectres
  2 polar bears
  21 tarantellas
  2 bloated husks
  7 trolls
  A meliai (shapeshifter) (Zig:19)
  18 hornets
  A hornet (shapeshifter) (Zig:14)
  An ice dragon zombie (Crypt:1)
  4 blink frogs
  Grinder (D:3)
  12 raiju
  10 dream sheep
  2 ettin zombies
  6 harpy skeletons
  A tyrant leech (Zig:17)
  19 wind drakes
  2 hydra skeletons
  A blink frog (shapeshifter) (Zig:17)
  A boulder beetle zombie (Crypt:3)
  A sphinx simulacrum (Zig:16)
  3 iron dragon simulacra
  A raiju (shapeshifter) (Zig:19)
  A frost giant simulacrum (Depths:2)
  113 slime creatures
  A stone giant simulacrum (Coc:1)
  13 snapping turtles
  A fire dragon skeleton (Crypt:1)
  42 flying skulls
  3 centaur simulacra
  7 spriggans
  19 jumping spiders
  11 shadows (Crypt:3)
  6 air elementals (Shoals:4)
  3 vampires
  9 wraiths
  21 culicivoras
  28 water elementals
  4 wyverns
  12 dire elephant simulacra
  An ettin skeleton (Pan)
  An alligator snapping turtle simulacrum (Coc:3)
  A tyrant leech zombie (Crypt:2)
  45 ynoxinuls
  An elf skeleton (Vaults:4)
  A spectral human (Vaults:4)
  4 hogs (Spider:2)
  57 yaks
  5 golden eyes
  A hog (shapeshifter) (Elf:1)
  16 ushabtiu
  4 basilisks
  4 fire elementals
  A redback (shapeshifter) (Zig:19)
  A fire bat (shapeshifter) (Abyss:4)
  43 chaos spawn
  A death yak simulacrum (Orc:1)
  Grum (D:9)
  6 steam dragons
  A red draconian simulacrum (Zot:2)
  3 vampire mosquitoes
  Menkaure (D:5)
  A yaktaur simulacrum (Vaults:3)
  A purple draconian simulacrum (Zot:2)
  61 redbacks
  31 neqoxecs
  5 wargs
  A black draconian simulacrum (Zot:2)
  11 harpy simulacra
  6 nagas
  A glowing shapeshifter zombie (Vaults:5)
  4 acid dragons
  12 water moccasins
  A water nymph skeleton (Crypt:1)
  A hell hound (Abyss:4)
  A two-headed ogre skeleton (Crypt:1)
  2 floating eyes
  6 hydra simulacra
  A moth of wrath simulacrum (Zot:2)
  33 orc warriors
  3 swamp drakes (Zig:13)
  A demonspawn skeleton (Crypt:2)
  A lindwurm zombie (Crypt:3)
  A deep troll simulacrum (Vaults:3)
  2 ice beasts
  A black bear (Lair:1)
  A human skeleton (Vaults:3)
  An ice dragon simulacrum (Hell)
  3 ettin simulacra
  2 boggarts (shapeshifter) (Vaults:5)
  7 ogres
  An ogre (shapeshifter) (Abyss:4)
  2 centaurs (shapeshifter) (Abyss:4)
  10 centaurs
  25 wolves
  A blink frog skeleton (Crypt:1)
  A phantom (D:5)
  A rime drake zombie (Crypt:2)
  A kobold brigand (D:7)
  A vine stalker zombie (Crypt:1)
  A fire crab zombie (Crypt:1)
  A bullfrog (shapeshifter) (Abyss:4)
  2 human zombies
  A glowing shapeshifter simulacrum (Vaults:4)
  14 bullfrogs
  2 scorpions
  5 earth elementals
  3 gnoll sergeants
  A cane toad simulacrum (Orc:1)
  4 necrophages
  7 wights (D:8)
  17 small abominations
  14 killer bees
  An elephant simulacrum (Orc:1)
  2 howler monkeys
  7 crimson imps (Abyss:4)
  2 lava snakes (Lair:5)
  A hound (shapeshifter) (Abyss:4)
  2 jellies (D:5)
  4 hounds
  20 orc priests
  4 iron imps (Abyss:4)
  34 orc wizards
  2 lightning spires (WizLab)
  3 polar bear simulacra (Orc:1)
  3 spriggan simulacra
  63 mummies
  A hound skeleton (Crypt:1)
  4 adders
  15 gnolls
  A gnoll (shapeshifter) (Abyss:4)
  6 naga simulacra
  A swamp drake skeleton (Crypt:3)
  9 shadow imps (Abyss:4)
  10 white imps
  3 ufetubi
  An iguana zombie (Crypt:3)
  An iguana skeleton (Crypt:2)
  3 dart slugs
  72 orcs
  An endoplasm (shapeshifter) (Abyss:4)
  6 endoplasms
  4 giant cockroaches
  14 goblins
  8 hobgoblins
  3 jackals (D:2)
  25 kobolds
  A quokka (D:3)
  3 ball pythons
  8 bats
  5 frilled lizards
  4 rats
  A bush (Lair:4)
  2 creeping infernos
  5 fire vortices
  A lurking horror (Abyss:4)
  11 pillars of salt
  A starspawn tentacle (Abyss:3)
5479 creatures vanquished.

Vanquished Creatures (collateral kills)
  Lom Lobon (Pan)
  Mnoleg (Pan)
  A pandemonium lord (Zig:20)
  6 royal mummies
  3 shard shrikes (Coc:7)
  2 profane servitors (Tar:6)
  A bone dragon (Tar:6)
  A Tzitzimitl (Tar:7)
  A tentacled monstrosity (Zig:23)
  A spectral shard shrike (Tar:6)
  2 Orb Guardians (Zot:5)
  An acid blob (Slime:4)
  2 Executioners
  2 ancient champions (Tomb:2)
  A tentacled starspawn (Abyss:4)
  A demonspawn warmonger (Pan)
  A nargun (Coc:7)
  3 slime creatures (Slime:4)
  8 cacodemons (Pan)
  An ironbound preserver (Vaults:5)
  A demonspawn blood saint (Pan)
  A war gargoyle (Dis:1)
  A quicksilver ooze (Slime:4)
  A demonspawn corrupter (Pan)
  An ophan (Zig:11)
  An apis (Zig:11)
  An elemental wellspring (Coc:7)
  A wendigo (Coc:7)
  A bennu (Tomb:3)
  3 blizzard demons
  A green death (Pan)
  A merfolk javelineer (Zig:23)
  11 mummy priests
  A hell beast (Zig:14)
  A spriggan skeleton (Tomb:2)
  A caustic shrike simulacrum (Coc:7)
  15 death scarabs (Tomb:3)
  A hell hog (Geh:5)
  A soul eater (Pan)
  7 sixfirhies (Pan)
  A salamander (WizLab)
  A shadow dragon skeleton (Zig:11)
  A rust devil (Pan)
  2 orange demons (Pan)
  4 smoke demons (Pan)
  16 guardian mummies
  A bloated husk (Zig:17)
  3 hellwings (Pan)
  13 flying skulls
  A chaos spawn (Pan)
  10 ushabtiu
  2 neqoxecs (Pan)
  A floating eye (Slime:4)
  A phantom (D:7)
  10 mummies
  7 ball lightnings (Pan)
  A fire vortex (Pan)
167 creatures vanquished.

Vanquished Creatures (others)
  A dread lich (Pan)
  An ancient lich (Coc:2)
  A searing wretch (Geh:5)
  An eldritch tentacle (Zig:20)
  2 draconian knights
  A nargun (Coc:7)
  A nagaraja (Zig:21)
  A ghost moth (Zig:17)
  A reaper (Zig:18)
  A cacodemon (Hell)
  A war gargoyle (Dis:1)
  An elemental wellspring (Coc:7)
  A deep elf death mage (Zig:13)
  2 hydras
  3 centaur warriors (Vaults:2)
  A juggernaut simulacrum (Coc:7)
  A jorogumo (Spider:2)
  An anaconda (Zig:17)
  A dancing weapon (Abyss:4)
  A naga sharpshooter (Zig:18)
  2 soul eaters (Pan)
  3 deep elf knights (Elf:1)
  A sun demon (Pan)
  A deep troll (Vaults:2)
  2 sea snakes (Shoals:4)
  A deep elf zephyrmancer (Elf:1)
  4 spriggan simulacra
  3 harpies (Zig:15)
  4 wizards
  A deep elf pyromancer (Elf:1)
  2 will-o-the-wisps
  A manticore (Zig:15)
  A black mamba (Zig:21)
  3 guardian serpents
  A vault sentinel (Zig:15)
  A moth of wrath (Spider:4)
  A merfolk siren (Zig:17)
  2 smoke demons (Pan)
  A water nymph (Zig:15)
  A naga mage (Zig:23)
  A titan simulacrum (Zig:16)
  A golden dragon simulacrum (Zig:16)
  2 merfolk
  A bloated husk (Zig:10)
  2 stone giant simulacra
  A water elemental (Shoals:4)
  A naga simulacrum (Hell)
  A ynoxinul (Zig:10)
  A spriggan (Zig:12)
  A dire elephant simulacrum (Coc:7)
  A golden eye (Slime:5)
  A small abomination (Abyss:4)
  A redback (shapeshifter) (Vaults:5)
  4 harpy simulacra
  A howler monkey (shapeshifter) (Zig:20)
  A hound (shapeshifter) (Zig:20)
  An orc priest (Orc:2)
  An orc wizard (Orc:2)
  3 orcs (Orc:2)
  8 ball lightnings (Pan)
  A creeping inferno (Geh:5)
  4 demonic plants (Pan)
  3 fire vortices
  29 foxfires
  10 fungi
  A lurking horror (Abyss:4)
  34 pillars of salt
  131 plants
  12 starspawn tentacles
319 creatures vanquished.

Grand Total: 5965 creatures vanquished

Notes
Turn   | Place    | Note
-------+----------+-------------------------------------------
     0 | D:1      | jujucrawl the Gargoyle Fighter began the quest for the Orb.
     0 | D:1      | Reached XP level 1. HP: 14/14 MP: 1/1
   180 | D:1      | Reached XP level 2. HP: 19/19 MP: 2/2
   369 | D:1      | Reached XP level 3. HP: 17/24 MP: 3/3
  1139 | D:2      | Identified the +1 ring mail of the Raven {rF- Will+ Regen+
                  | Str+5}
  1281 | D:2      | Found Kiucil's Jewellery Boutique.
  1347 | D:2      | Found a hide-covered altar of Uskayaw.
  1630 | D:3      | Noticed Grinder
  1656 | D:3      | Paralysed by Grinder for 2 turns
  1668 | D:3      | Killed Grinder
  1669 | D:3      | Reached skill level 5 in Fighting
  1669 | D:3      | Reached XP level 4. HP: 31/31 MP: 4/4
  1669 | D:3      | Reached XP level 5. HP: 35/35 MP: 5/5
  1669 | D:3      | Reached XP level 6. HP: 40/40 MP: 6/6
  2569 | D:4      | Reached XP level 7. HP: 45/45 MP: 7/7
  2803 | D:4      | Reached skill level 1 in Dodging
  2839 | D:4      | Found a staircase to the Ecumenical Temple.
  3042 | D:4      | Found a broken altar of Ashenzari.
  3043 | D:4      | Found an iron altar of Okawaru.
  3176 | Temple   | Entered the Ecumenical Temple
  3250 | D:5      | Entered Level 5 of the Dungeon
  3265 | D:5      | Noticed Menkaure
  3277 | D:5      | Killed Menkaure
  3278 | D:5      | Reached skill level 5 in Armour
  3591 | D:5      | Reached XP level 8. HP: 50/52 MP: 8/8
  3816 | D:5      | Reached skill level 5 in Maces & Flails
  3976 | D:5      | Identified the +2 dagger of Ceehes {drain, Int+3 Dex+5
                  | Stlth+}
  4430 | D:6      | Learned a level 2 spell: Blink
  4468 | D:6      | Reached skill level 1 in Axes
  4623 | D:6      | You fall into a shaft and drop 2 floors!
  4708 | D:7      | Found a glowing silver altar of Zin.
  4715 | D:7      | Became a worshipper of Zin the Law-Giver
  4715 | D:7      | Reached * piety under Zin
  4845 | D:7      | Reached skill level 1 in Translocations
  4881 | D:7      | Reached skill level 1 in Invocations
  5002 | D:7      | Reached XP level 9. HP: 37/59 MP: 8/10
  5612 | D:7      | Reached ** piety under Zin
  5873 | D:7      | Found a shimmering blue altar of Sif Muna.
  6485 | D:8      | Noticed a hornet
  6493 | D:8      | Killed a hornet
  6754 | D:8      | Noticed a two-headed ogre
  6757 | D:8      | Reached XP level 10. HP: 37/66 MP: 13/13
  6827 | D:8      | Killed a two-headed ogre
  6828 | D:8      | Reached skill level 5 in Invocations
  7028 | D:9      | Found a flagged portal.
  7053 | Bailey   | Entered a bailey
  7078 | Bailey   | Noticed an orc knight
  7107 | Bailey   | Noticed an orc knight
  7130 | Bailey   | Killed an orc knight
  7208 | Bailey   | Identified the +9 hand axe "Masichau" {holy, rC+ Int+3}
  7332 | Bailey   | Killed an orc knight
  7820 | D:9      | Noticed Grum
  7832 | D:9      | Reached skill level 10 in Fighting
  7852 | D:9      | Killed Grum
  7867 | D:9      | Reached *** piety under Zin
  8068 | D:9      | Noticed Maggie
  8082 | D:9      | Killed Maggie
  8083 | D:9      | Reached XP level 11. HP: 20/72 MP: 15/15
  8228 | D:9      | Identified the +0 leather armour "Vupi" {rElec rPois Int-2
                  | Slay-3}
  8352 | D:10     | Entered Level 10 of the Dungeon
  8415 | D:10     | Found a sacrificial altar of Ru.
  8497 | D:10     | Found a radiant altar of Vehumet.
  8570 | D:10     | Noticed a two-headed ogre
  8570 | D:10     | Noticed a deep troll
  8571 | D:10     | Found a transporter.
  8571 | D:10     | Noticed jujucrawl's ghost (journeyman GrFi)
  8571 | D:10     | Noticed a moth of wrath
  8574 | D:10     | Found a bloodstained altar of Trog.
  8865 | D:10     | Found a transporter.
  9009 | D:10     | Reached skill level 5 in Axes
  9076 | D:10     | Found a staircase to the Lair.
  9189 | D:10     | Identified the +6 hand axe of the Puffin {freeze, rF+}
  9197 | D:10     | Reached **** piety under Zin
 10045 | D:11     | Noticed a boulder beetle
 10061 | D:11     | Killed a boulder beetle
 10155 | D:11     | Found a sacrificial altar of Ru.
 10173 | D:11     | Noticed a cyclops
 10187 | D:11     | Killed a cyclops
 10516 | Lair:1   | Entered Level 1 of the Lair of Beasts
 10609 | Lair:1   | Identified the amulet "Luosagro" {Spirit rElec}
 10665 | Lair:1   | Noticed Erica
 10681 | Lair:1   | Reached skill level 5 in Dodging
 10684 | Lair:1   | Killed Erica
 10693 | Lair:1   | Reached XP level 12. HP: 59/80 MP: 16/18
 10898 | Lair:1   | Found a runed translucent gate.
 10899 | Lair:1   | Found a runed translucent gate.
 10900 | Lair:1   | Found a runed translucent gate.
 10902 | Lair:1   | Noticed Pag Assur's ghost (journeyman VSBr)
 10902 | Lair:1   | Noticed Nog Kykopnig's ghost (adept TeAE)
 10902 | Lair:1   | Noticed soark's ghost (journeyman DsCj)
 11449 | Lair:2   | Reached skill level 5 in Translocations
 11482 | Lair:2   | Found a staircase to the Shoals.
 11520 | Lair:2   | HP: 2/80 [komodo dragon (18)]
 11861 | D:2      | Bought the ring of the Rabble {rF++ Will+ rCorr} for 501
                  | gold pieces
 12221 | Lair:2   | Reached ***** piety under Zin
 13206 | Lair:3   | Noticed a death yak
 13206 | Lair:3   | Noticed a death yak
 13240 | Lair:3   | Noticed a death yak
 13241 | Lair:3   | Reached XP level 13. HP: 87/87 MP: 20/20
 13271 | Lair:3   | Reached skill level 10 in Invocations
 13356 | Lair:3   | You are sucked into a shaft and drop 2 floors!
 13356 | Lair:5   | Entered Level 5 of the Lair of Beasts
 13491 | Lair:4   | Found a snail-covered altar of Cheibriados.
 15050 | Lair:5   | Reached skill level 10 in Armour
 15066 | Lair:5   | Gained mutation: Your large and strong wings let you fly.
                  | [Gargoyle growth]
 15066 | Lair:5   | Reached XP level 14. HP: 93/95 MP: 22/22
 15400 | Lair:5   | Found a viscous altar of Jiyva.
 15400 | Lair:5   | Found a staircase to the Slime Pits.
 15484 | Lair:5   | Reached ****** piety under Zin
 16448 | D:12     | Reached skill level 10 in Axes
 16450 | D:12     | Noticed Urug
 16462 | D:12     | Killed Urug
 16544 | D:12     | Found a gate leading to a gauntlet.
 16562 | Gauntlet | Entered a Gauntlet
 16562 | Gauntlet | Found a transporter.
 16571 | Gauntlet | Found a transporter.
 16592 | Gauntlet | Found a transporter.
 16596 | Gauntlet | Found a transporter.
 16613 | Gauntlet | Found a transporter.
 16626 | Gauntlet | Found a transporter.
 16640 | Gauntlet | Found a transporter.
 16669 | Gauntlet | Found a transporter.
 16669 | Gauntlet | Found a transporter.
 16674 | Gauntlet | Found a transporter.
 16707 | Gauntlet | Found a transporter.
 16707 | Gauntlet | Found a transporter.
 16908 | Gauntlet | Identified the +2 cloak of the Vacuum {Harm rElec rCorr
                  | Int-3}
 16915 | Gauntlet | Identified the +7 shortbow of Slow Death {flame, rPois
                  | Will++ Dex-4 SInv}
 17076 | Gauntlet | Identified the +9 great sword "Lautaof" {speed, rElec rC-
                  | Int+2}
 17099 | Gauntlet | Identified the +12 rapier of Bile {flame, rN+ Dex+4}
 17599 | D:12     | Found a staircase to the Orcish Mines.
 17976 | D:13     | Found a gate to the Vaults.
 17995 | D:13     | Reached XP level 15. HP: 97/101 MP: 24/24
 18011 | D:13     | Reached skill level 15 in Fighting
 19352 | D:15     | Entered Level 15 of the Dungeon
 19400 | D:15     | Noticed Josephine
 19410 | D:15     | Killed Josephine
 19448 | D:15     | Found a basalt altar of Yredelemnul.
 19693 | D:15     | Identified the +5 morningstar "Syssymazi" {protect, Drain
                  | rF+ rC+ rN+}
 20071 | D:15     | Found a staircase to the Depths.
 20201 | Orc:1    | Entered Level 1 of the Orcish Mines
 20482 | Orc:1    | Found a frozen archway.
 20510 | IceCv    | Entered an ice cave
 20751 | IceCv    | Reached XP level 16. HP: 110/110 MP: 26/26
 21113 | Orc:2    | Entered Level 2 of the Orcish Mines
 21164 | Orc:2    | Noticed Erolcha
 21179 | Orc:2    | Killed Erolcha
 21219 | Orc:2    | Noticed funkygono's ghost (journeyman MiFi)
 21302 | Orc:2    | Found Sahog's Antique Weapon Shop.
 21321 | Orc:2    | Found a runed translucent gate.
 21321 | Orc:2    | Found a runed translucent gate.
 21323 | Orc:2    | Found a runed translucent gate.
 21325 | Orc:2    | Found a staircase to the Elven Halls.
 21696 | Orc:2    | Paralysed by an orc sorcerer for 4 turns
 21703 | Orc:2    | Zin protects you from harm!
 21763 | Orc:2    | Found Gar Fuesk's Antique Weapon Shoppe.
 21763 | Orc:2    | Found Osyrph's Distillery.
 21766 | Orc:2    | Found Nuko's Jewellery Boutique.
 21766 | Orc:2    | Found Pamiomod's Armour Shoppe.
 21786 | Orc:2    | Bought a potion of heal wounds for 70 gold pieces
 21786 | Orc:2    | Bought a potion of curing for 42 gold pieces
 21786 | Orc:2    | Bought a potion of curing for 42 gold pieces
 21940 | Orc:2    | Killed funkygono's ghost
 21941 | Orc:2    | Reached skill level 5 in Shields
 22030 | Orc:2    | Bought a sapphire morningstar for 288 gold pieces
 22030 | Orc:2    | Identified the +0 morningstar of the Doomed Warrior
                  | {freeze, rPois rC++ Stlth-} (You bought it in a shop on
                  | level 2 of the Orcish Mines)
 22436 | Lair:1   | Killed Nog Kykopnig's ghost
 22444 | Lair:1   | Killed Pag Assur's ghost
 22456 | Lair:1   | Killed soark's ghost
 22863 | Lair:3   | Found a hole to the Spider Nest.
 23350 | Spider:1 | Entered Level 1 of the Spider Nest
 25377 | Orc:2    | Bought a twisted broad axe for 288 gold pieces
 25377 | Orc:2    | Identified the +2 broad axe "Qoettuo" {freeze, SInv} (You
                  | bought it in a shop on level 2 of the Orcish Mines)
 25410 | Orc:2    | Bought a polished broad axe for 288 gold pieces
 25410 | Orc:2    | Identified the +7 broad axe of Fimbulwinter {venom, Drain
                  | rElec rC+ rN+} (You bought it in a shop on level 2 of the
                  | Orcish Mines)
 25692 | Spider:2 | Noticed Arachne
 25745 | Spider:2 | Killed Arachne
 26091 | Spider:2 | Reached XP level 17. HP: 107/109 MP: 27/27
 26232 | Spider:2 | Noticed Kirke
 26249 | Spider:2 | Killed Kirke
 27058 | Spider:4 | Entered Level 4 of the Spider Nest
 27330 | Spider:4 | HP: 1/117 [disintegration[a broodmother] (20)]
 27994 | Spider:4 | Reached skill level 15 in Invocations
 29048 | Spider:4 | Reached XP level 18. HP: 122/124 MP: 0/29
 29153 | Spider:4 | Got a gossamer rune of Zot
 29362 | Shoals:1 | Entered Level 1 of the Shoals
 29580 | Shoals:1 | Found Lagekeqe's General Store.
 29588 | Shoals:1 | Bought a potion of curing for 42 gold pieces
 30049 | Shoals:1 | Found Qecug's Island Escapes.
 30058 | Shoals:1 | Bought a scroll of fog for 44 gold pieces
 30822 | Shoals:2 | Found a hide-covered altar of Uskayaw.
 31111 | Shoals:2 | Reached skill level 10 in Shields
 32138 | Shoals:3 | Identified the +2 robe of Kemorah {rF+}
 32433 | Shoals:3 | Noticed Polyphemus
 32462 | Shoals:3 | Killed Polyphemus
 32747 | Shoals:4 | Entered Level 4 of the Shoals
 32908 | Shoals:4 | Paralysed by an air elemental for 1 turns
 32916 | Shoals:4 | Paralysed by an air elemental for 1 turns
 32919 | Shoals:4 | Paralysed by an air elemental for 1 turns
 32923 | Shoals:4 | Paralysed by an air elemental for 1 turns
 32974 | Shoals:4 | Paralysed by an air elemental for 1 turns
 32976 | Shoals:4 | Paralysed by an air elemental for 1 turns
 32979 | Shoals:4 | Paralysed by an air elemental for 1 turns
 32982 | Shoals:4 | Paralysed by an air elemental for 1 turns
 33133 | Shoals:4 | Paralysed by an air elemental for 1 turns
 33383 | Shoals:4 | Reached XP level 19. HP: 116/131 MP: 30/30
 33441 | Shoals:4 | Reached skill level 10 in Dodging
 33699 | Shoals:4 | Identified the ring "Jimaixt" {Fly rCorr Str+6 Int+7 Dex-5}
 33720 | Abyss:3  | Cast into level 3 of the Abyss (merfolk)
 33722 | Abyss:3  | Found a corrupted altar of Lugonu.
 33737 | Shoals:4 | Escaped the Abyss
 33813 | Shoals:4 | Found a stormy altar of Qazlal.
 34040 | Shoals:4 | Paralysed by an air elemental for 1 turns
 34044 | Shoals:4 | Paralysed by an air elemental for 1 turns
 34073 | Shoals:4 | Paralysed by an air elemental for 1 turns
 34246 | Shoals:4 | Got a barnacled rune of Zot
 34844 | D:10     | Killed jujucrawl's ghost
 34987 | Elf:1    | Entered Level 1 of the Elven Halls
 35231 | Elf:1    | Found Xuops's Weapon Boutique.
 35275 | Elf:1    | Noticed Frances
 35306 | Elf:1    | Killed Frances
 35397 | Elf:1    | Identified Roxanne's Compilation of Oromancy
 35397 | Elf:1    | Noticed Roxanne
 35476 | Elf:1    | Killed Roxanne
 35560 | Elf:1    | Noticed Agnes
 35578 | Elf:1    | Killed Agnes
 35661 | Elf:1    | Noticed Zenata
 35719 | Elf:1    | Killed Zenata
 35862 | Elf:1    | Found Quluow's General Store.
 35866 | Elf:1    | Bought a potion of haste for 150 gold pieces
 36075 | Elf:1    | Reached skill level 10 in Maces & Flails
 36123 | Elf:1    | Got the Tractate on Destruction
 36188 | Elf:1    | Found Cinus's Jewellery Shop.
 36454 | Elf:1    | Found a portal to a secret trove of treasure.
 36504 | Elf:2    | Found a magical portal.
 36515 | WizLab   | Entered Maxwell's Workshop
 36692 | WizLab   | Reached XP level 20. HP: 72/139 MP: 32/32
 37205 | WizLab   | Noticed an electric golem
 37230 | WizLab   | Killed an electric golem
 37377 | WizLab   | Identified the +3 buckler "Wuhouty" {Rampage Int-3 Dex+3}
 37377 | WizLab   | Found the +15 Maxwell's patent armour {-Cast -Tele rElec
                  | Will+ rCorr}
 37499 | WizLab   | Identified the ring of Uqofoat {Fire rN++ Will- Str+5}
 37724 | Elf:2    | Identified the +1 scale mail of Exust {*Slow rF+ rCorr
                  | Dex+3}
 37794 | Elf:2    | Found an ancient bone altar of Kikubaaqudgha.
 38024 | Elf:2    | Noticed Donald
 38045 | Elf:2    | Killed Donald
 38292 | Elf:2    | Found a runed translucent gate.
 38292 | Elf:2    | Found a runed translucent gate.
 38292 | Elf:2    | Found a runed translucent gate.
 38837 | Abyss:3  | Cast into level 3 of the Abyss (+2 hand axe of distortion)
 38988 | Abyss:3  | Noticed a profane servitor
 39206 | Abyss:3  | Found a corrupted altar of Lugonu.
 39228 | Elf:2    | Escaped the Abyss
 39508 | Elf:3    | Entered Level 3 of the Elven Halls
 40298 | Elf:3    | Noticed a Brimstone Fiend
 40307 | Elf:3    | Noticed a Tzitzimitl
 40447 | Elf:3    | Noticed a Brimstone Fiend
 40748 | Elf:3    | Found a runed translucent door.
 40796 | Elf:3    | Reached XP level 21. HP: 138/146 MP: 33/33
 40813 | Elf:3    | Got the Dissertation on Crystallized Spellbinding
 41102 | Elf:3    | Identified the +6 hand axe of the Feeding Seer {flame,
                  | Str+2}
 41462 | Elf:3    | Identified the ring of Ukon Weqeo {Str+5 Slay+2 SInv}
 41714 | Elf:3    | Identified the +0 swamp dragon scales "Vesul" {Rampage
                  | rPois Regen+}
 41746 | Elf:3    | Identified the +6 mace of Curifror {freeze, Will++ Str+2}
 41815 | Elf:3    | Got the Omnibus of Dimensional Ouranomancy
 41826 | Elf:3    | Identified the amulet "Fisiulud" {Reflect rPois Str+3 SH+5}
 41828 | Elf:3    | Identified the ring "Zaedag" {rC+ rN+ Str-3 Dex+3}
 41862 | Elf:3    | Identified the +4 sling of the Lesser Evil {speed, rF+
                  | Will++ rCorr}
 41894 | Elf:3    | Identified the +9 quarterstaff of the Hills {flame, Str+5
                  | Int+7 Dex-5}
 42308 | Vaults:1 | Entered Level 1 of the Vaults
 42943 | Vaults:1 | Noticed Asterion
 42965 | Vaults:1 | Killed Asterion
 43143 | Vaults:1 | Reached skill level 15 in Armour
 43223 | Vaults:1 | Paralysed by a great orb of eyes for 3 turns
 43346 | Vaults:1 | Identified a scroll of acquirement
 44878 | Vaults:1 | Reached XP level 22. HP: 116/153 MP: 34/34
 45270 | Vaults:2 | Noticed Nikola
 45509 | Vaults:2 | Killed Nikola
 46730 | Vaults:2 | Found a staircase to the Crypt.
 46730 | Vaults:2 | Found an ancient bone altar of Kikubaaqudgha.
 46731 | Vaults:2 | Found a basalt altar of Yredelemnul.
 48580 | Vaults:3 | Reached skill level 15 in Shields
 49186 | Vaults:3 | Identified the +8 arbalest "Baynahat" {penet, Fly rElec
                  | Int-4 SInv}
 49656 | Vaults:4 | Learned a level 4 spell: Cause Fear
 49705 | Vaults:4 | Found a transporter.
 49705 | Vaults:4 | Noticed Ymilidghe's ghost (adept TrGl)
 49706 | Vaults:4 | Noticed a dread lich
 49751 | Vaults:4 | Found a transporter.
 49886 | Vaults:4 | Reached XP level 23. HP: 161/161 MP: 35/35
 50138 | Vaults:4 | Found Esiaff's Weapon Boutique.
 50269 | Vaults:4 | Reached skill level 1 in Hexes
 50654 | Vaults:4 | Acquired a manual of Invocations
 50674 | Vaults:4 | Killed a dread lich
 50683 | Vaults:4 | Reached skill level 15 in Dodging
 50722 | Vaults:4 | Killed Ymilidghe's ghost
 50754 | Vaults:4 | Identified the ring "Asayjoj" {Will+ Stlth+}
 50981 | Vaults:4 | Acquired the +5 kite shield of Sif Muna's Delight {+Inv
                  | rCorr Str-2 Dex+9}
 51332 | Depths:1 | Entered Level 1 of the Depths
 51836 | Depths:1 | Found a gateway to Hell.
 52108 | Depths:1 | Found a one-way gateway to a ziggurat.
 53201 | Depths:2 | Reached skill level 1 in Evocations
 53657 | Depths:2 | Noticed a shard shrike
 53657 | Depths:2 | Noticed a shard shrike
 53657 | Depths:2 | Found the +8 frozen axe "Frostbite" {freeze, freezing
                  | cloud, *Noise Fly rC+}
 53657 | Depths:2 | Noticed a shard shrike
 54062 | Depths:2 | Killed a shard shrike
 54509 | Depths:2 | Reached XP level 24. HP: 169/169 MP: 36/36
 54603 | Depths:2 | Found a one-way gate leading to the halls of Pandemonium.
 54659 | Depths:2 | Killed a shard shrike
 54694 | Depths:2 | Killed a shard shrike
 55180 | Depths:2 | Found a one-way gate to the infinite horrors of the Abyss.
 56766 | Depths:3 | Found Adawesy's General Store.
 56774 | Depths:3 | Bought a potion of haste for 130 gold pieces
 57378 | Depths:3 | Noticed a juggernaut
 57379 | Depths:3 | Found the +3 greatsling "Punk" {acid, rCorr}
 57396 | Depths:3 | Killed a juggernaut
 57538 | Depths:3 | Identified the +8 arbalest of Eternal Harmony {antimagic,
                  | rF++}
 57540 | Depths:3 | Identified the +7 dagger of the Blind Eye {elec, *Corrode
                  | Str+6}
 57611 | Depths:4 | Entered Level 4 of the Depths
 57676 | Depths:4 | Reached skill level 5 in Hexes
 58153 | Depths:4 | Found a gate to the Realm of Zot.
 59515 | Slime:1  | Entered Level 1 of the Pits of Slime
 59652 | Slime:4  | Reached XP level 25. HP: 122/176 MP: 36/36
 59787 | Slime:5  | Entered Level 5 of the Pits of Slime
 60398 | Slime:4  | Paralysed by a floating eye for 2 turns
 60813 | Slime:5  | Noticed the Royal Jelly
 60824 | Slime:4  | Reached skill level 5 in Evocations
 60859 | Slime:3  | Paralysed by a floating eye for 4 turns
 61513 | Slime:5  | Killed the Royal Jelly
 61573 | Slime:5  | Paralysed by a floating eye for 4 turns
 61618 | Slime:5  | HP: 7/178 [acid[the Royal Jelly] (2)]
 61978 | Slime:5  | Gained mutation: You are dopey. (Int -2) [a shining eye]
 62394 | Slime:5  | Paralysed by a floating eye for 3 turns
 63247 | Slime:5  | Identified the +5 morningstar of Karma {venom, Int+3}
 63296 | Slime:5  | Got Dafoofot's Monograph on the Frigid Gargoyle
 63298 | Slime:5  | Got a slimy rune of Zot
 63299 | Slime:5  | Identified the +7 ring mail "Qeraef" {rF+ MP+9}
 63321 | Slime:5  | Identified the +8 shortbow "Goethaac" {flame, Contam Will++
                  | rCorr Dex+2}
 64149 | Zot:1    | Entered Level 1 of the Realm of Zot
 64149 | Zot:1    | Found a huge runed gate.
 64149 | Zot:1    | Found a huge runed gate.
 64149 | Zot:1    | Found a huge runed gate.
 64149 | Zot:1    | Found a huge runed gate.
 64149 | Zot:1    | Found a huge runed gate.
 64149 | Zot:1    | Found a huge runed gate.
 64149 | Zot:1    | Found a huge runed gate.
 64149 | Zot:1    | Found a huge runed gate.
 64149 | Zot:1    | Found a huge runed gate.
 64149 | Zot:1    | Found a huge runed gate.
 64153 | Zot:1    | Found a huge runed gate.
 64154 | Zot:1    | Found a huge runed gate.
 64179 | Zot:1    | Found a huge runed gate.
 64229 | Zot:1    | Found a huge runed gate.
 64229 | Zot:1    | Found a huge runed gate.
 64231 | Zot:1    | Found a huge runed gate.
 64232 | Zot:1    | Found a huge runed gate.
 64240 | Zot:1    | Found a huge runed gate.
 64240 | Zot:1    | Found a huge runed gate.
 64240 | Zot:1    | Found a huge runed gate.
 64240 | Zot:1    | Found a huge runed gate.
 64252 | Zot:1    | Noticed a Killer Klown
 64252 | Zot:1    | Noticed a Killer Klown
 64253 | Zot:1    | Noticed a Killer Klown
 64253 | Zot:1    | Noticed a Killer Klown
 64263 | Zot:1    | a Killer Klown changed into a rockslime
 65618 | Zot:1    | Killed a Killer Klown
 65648 | Zot:1    | Killed a Killer Klown
 65780 | Zot:1    | Paralysed by you for 4 turns
 65821 | Zot:1    | Killed a Killer Klown
 66740 | Zot:2    | Reached XP level 26. HP: 115/185 MP: 37/37
 67327 | Zot:2    | You are sucked into a shaft and drop 1 floor!
 67726 | Zot:3    | Found a transporter.
 69490 | Zot:2    | Found a runed translucent gate.
 69491 | Zot:2    | Found a runed translucent gate.
 69491 | Zot:2    | Noticed an ancient lich
 69492 | Zot:2    | Found a runed translucent gate.
 69493 | Zot:2    | Noticed Xiuhytzi's ghost (adept MiFi)
 70413 | Zot:4    | Noticed a Killer Klown
 72029 | Vaults:5 | Entered Level 5 of the Vaults
 72176 | Vaults:5 | Identified the ring "Noewy" {rPois rC+ Str-5 Int+2}
 72360 | Vaults:5 | Noticed a dread lich
 72612 | Vaults:5 | Reached XP level 27. HP: 186/193 MP: 37/37
 72799 | Vaults:5 | Got a silver rune of Zot
 72901 | Vaults:5 | Identified the +1 chain mail of Ceamap {rC+ rCorr}
 73047 | Vaults:5 | Identified the +8 trident of Fate {heavy, rF- Int+6}
 73047 | Vaults:5 | Identified the ring "Duwied" {Will++ rCorr}
 73212 | Vaults:5 | HP: 9/193 [Hell Sentinel/damnation[a dread lich] (22)]
 73688 | Vaults:5 | Killed a dread lich
 74257 | Vaults:5 | Noticed an ancient lich
 74286 | Vaults:5 | Killed an ancient lich
 74454 | Vaults:5 | Got the Spellbook of the Snowy Excursion
 75252 | Shoals:1 | Bought a scroll of teleportation for 33 gold pieces
 75252 | Shoals:1 | Bought a scroll of teleportation for 33 gold pieces
 75594 | Depths:2 | Voluntarily entered the Abyss.
 76273 | Abyss:4  | Paralysed by accursed screaming for 1 turns
 76339 | Abyss:4  | Paralysed by accursed screaming for 2 turns
 76345 | Abyss:4  | Paralysed by accursed screaming for 2 turns
 76366 | Abyss:4  | Found a corrupted altar of Lugonu.
 76547 | Abyss:4  | Noticed a dread lich
 76601 | Depths:2 | Escaped the Abyss
 76621 | Depths:2 | Voluntarily entered the Abyss.
 76835 | Abyss:4  | Paralysed by accursed screaming for 1 turns
 76854 | Abyss:4  | HP: 8/195 [starcursed mass/accursed screaming (16)]
 76854 | Abyss:4  | Paralysed by accursed screaming for 2 turns
 76988 | Abyss:4  | Paralysed by accursed screaming for 2 turns
 77012 | Abyss:4  | Found a glowing golden altar of the Shining One.
 77022 | Abyss:4  | Noticed a juggernaut
 77038 | Abyss:4  | Killed a juggernaut
 77052 | Abyss:4  | Got an abyssal rune of Zot
 77108 | Depths:2 | Escaped the Abyss
 77431 | Temple   | Fell from the grace of Zin
 77431 | Temple   | Became a worshipper of the Shining One
 77431 | Temple   | Reached * piety under the Shining One
 77431 | Temple   | Reached ** piety under the Shining One
 77431 | Temple   | Reached *** piety under the Shining One
 77741 | Crypt:1  | Entered Level 1 of the Crypt
 77832 | Crypt:1  | Reached **** piety under the Shining One
 78052 | Crypt:1  | Reached ***** piety under the Shining One
 78615 | Crypt:2  | Reached ****** piety under the Shining One
 79120 | Crypt:3  | Entered Level 3 of the Crypt
 79303 | Crypt:3  | Found a staircase to the Tomb.
 79327 | Crypt:3  | Noticed a dread lich
 79337 | Crypt:3  | Killed a dread lich
 79662 | Crypt:3  | Found a basalt altar of Yredelemnul.
 79796 | Crypt:3  | Reached skill level 1 in Spellcasting
 79872 | Crypt:3  | Identified the +9 plate armour "Doiqaps" {rC+}
 80675 | Elf:1    | You paid a toll of +3 gold dragon scales to enter a
                  | treasure trove
 80676 | Trove    | Entered a treasure trove
 80699 | Trove    | Identified the +6 dagger of Greatest Utility {elec, rElec
                  | Int+4}
 80700 | Trove    | Identified the +5 short sword of Destiny {elec, rElec Will+
                  | Str+2 Int-4}
 80711 | Trove    | Identified the +5 whip of the Hand {venom, Will+ Dex+6}
 80726 | Trove    | Identified the +10 whip of Revolt {chaos, rF+}
 80728 | Trove    | Identified the +8 sling of Insomnia {chaos, rPois rC-
                  | rCorr}
 80738 | Trove    | Identified the +1 short sword of Reapportionment {vamp,
                  | rF++ rN+ Str-3 Dex+4}
 80739 | Trove    | Identified the +8 dagger of Xuikk {vamp, Drain rElec rPois
                  | Int+8}
 80740 | Trove    | Identified the +5 mace "Fupsore" {vamp, rC++ rCorr Str+3
                  | Int-4}
 81125 | Crypt:3  | Learned a level 3 spell: Teleport Other
 81129 | Crypt:3  | Learned a level 3 spell: Swiftness
 83389 | Pan      | Entered Pandemonium
 83424 | Pan      | Reached skill level 10 in Translocations
 83449 | Pan      | Noticed Mennas
 83707 | Pan      | Found a transporter.
 83757 | Pan      | Reached skill level 10 in Hexes
 83776 | Pan      | Found an exit through the horrors of the Abyss.
 84197 | Pan      | Found a transporter.
 84397 | Pan      | Reached skill level 1 in Air Magic
 84503 | Pan      | Killed Mennas
 84713 | Pan      | Gained mutation: You are clumsy. (Dex -2) [a cacodemon]
 84953 | Pan      | Identified the +1 scale mail of the Grey Skies {rCorr
                  | Dex+5}
 85377 | Pan      | Entered the realm of Mnoleg.
 85432 | Pan      | Gained mutation: You are frail. (-10% HP) [a cacodemon]
 85639 | Pan      | Gained mutation: Your spells are a little easier to cast,
                  | but a little less powerful. [a cacodemon]
 85641 | Pan      | Gained mutation: You are very frail. (-20% HP) [a neqoxec]
 85644 | Pan      | Gained mutation: Armour fits poorly on your strangely
                  | shaped body. [a cacodemon]
 85648 | Pan      | Gained mutation: You are very clumsy. (Dex -4) [a neqoxec]
 85652 | Pan      | Gained mutation: Your spells are easier to cast, but less
                  | powerful. [a cacodemon]
 85656 | Pan      | Gained mutation: You are partially covered in large bone
                  | plates. (SH +4) [a cacodemon]
 85658 | Pan      | Gained mutation: You have a pair of small horns on your
                  | head. [a neqoxec]
 85667 | Pan      | Gained mutation: You are weak. (Str -2) [a cacodemon]
 85671 | Pan      | Gained mutation: You are extremely frail. (-30% HP) [a
                  | cacodemon]
 85677 | Pan      | Gained mutation: Your body sometimes deteriorates upon
                  | taking damage. [a neqoxec]
 85684 | Pan      | Gained mutation: Your magical capacity is low. (-10% MP) [a
                  | neqoxec]
 85701 | Pan      | Acquired the +4 mace "Mypoemext" {heavy, rPois rC++ MP+9
                  | Stlth+}
 85900 | Pan      | Noticed Mnoleg
 85907 | Pan      | Gained mutation: You do not regenerate when monsters are
                  | visible. [a cacodemon]
 85927 | Pan      | Killed Mnoleg
 85949 | Pan      | Got a glowing rune of Zot
 86072 | Pan      | Gained mutation: You are vulnerable to heat. (rF-) [a
                  | neqoxec]
 86074 | Pan      | Gained mutation: Your body often deteriorates upon taking
                  | damage. [a neqoxec]
 86077 | Pan      | Gained mutation: You occasionally lose the ability to read
                  | scrolls when taking damage. [a neqoxec]
 86093 | Pan      | Gained mutation: You are vulnerable to cold. (rC-) [a
                  | cacodemon]
 86094 | Pan      | Lost mutation: You are partially covered in large bone
                  | plates. (SH +4) [a cacodemon]
 86096 | Pan      | Gained mutation: You are very weak. (Str -4) [a cacodemon]
 86103 | Pan      | Gained mutation: You are very dopey. (Int -4) [a cacodemon]
 86107 | Pan      | Gained mutation: You sometimes lose your temper in combat.
                  | [a cacodemon]
 86576 | Pan      | Lost mutation: Your spells are easier to cast, but less
                  | powerful. [potion of mutation]
 86576 | Pan      | Lost mutation: You are very clumsy. (Dex -4) [potion of
                  | mutation]
 86576 | Pan      | Lost mutation: You do not regenerate when monsters are
                  | visible. [potion of mutation]
 86577 | Pan      | Lost mutation: You are clumsy. (Dex -2) [potion of
                  | mutation]
 86577 | Pan      | Lost mutation: Your body often deteriorates upon taking
                  | damage. [potion of mutation]
 86577 | Pan      | Lost mutation: You are very weak. (Str -4) [potion of
                  | mutation]
 86577 | Pan      | Lost mutation: You have a pair of small horns on your head.
                  | [potion of mutation]
 86577 | Pan      | Gained mutation: A frigid envelope surrounds you and
                  | freezes all who hurt you. [potion of mutation]
 86578 | Pan      | Lost mutation: You are very dopey. (Int -4) [potion of
                  | mutation]
 86578 | Pan      | Lost mutation: You are weak. (Str -2) [potion of mutation]
 86578 | Pan      | Lost mutation: You are vulnerable to heat. (rF-) [potion of
                  | mutation]
 86578 | Pan      | Lost mutation: Armour fits poorly on your strangely shaped
                  | body. [potion of mutation]
 86578 | Pan      | Gained mutation: You have a pair of small horns on your
                  | head. [potion of mutation]
 86579 | Pan      | Lost mutation: You sometimes lose your temper in combat.
                  | [potion of mutation]
 86579 | Pan      | Lost mutation: You are vulnerable to cold. (rC-) [potion of
                  | mutation]
 86579 | Pan      | Gained mutation: You are very dopey. (Int -4) [potion of
                  | mutation]
 86580 | Pan      | Lost mutation: Your spells are a little easier to cast, but
                  | a little less powerful. [potion of mutation]
 86580 | Pan      | Lost mutation: You have a pair of small horns on your head.
                  | [potion of mutation]
 86580 | Pan      | Lost mutation: You occasionally lose the ability to read
                  | scrolls when taking damage. [potion of mutation]
 86580 | Pan      | Lost mutation: Your body sometimes deteriorates upon taking
                  | damage. [potion of mutation]
 86580 | Pan      | Gained mutation: You are agile. (Dex +4, Str/Int -1)
                  | [potion of mutation]
 86581 | Pan      | Lost mutation: You are extremely frail. (-30% HP) [potion
                  | of mutation]
 86581 | Pan      | Lost mutation: You are very frail. (-20% HP) [potion of
                  | mutation]
 86581 | Pan      | Lost mutation: Your magical capacity is low. (-10% MP)
                  | [potion of mutation]
 86581 | Pan      | Gained mutation: Your spells are a little easier to cast,
                  | but a little less powerful. [potion of mutation]
 86581 | Pan      | Gained mutation: Your natural rate of healing is unusually
                  | fast. [potion of mutation]
 86784 | Pan      | Noticed Lergheetu the pandemonium lord
 86806 | Pan      | Reached skill level 27 in Fighting
 87250 | Pan      | Killed Lergheetu the pandemonium lord
 87418 | Pan      | Got a demonic rune of Zot
 88039 | Pan      | Found a runed translucent door.
 88308 | Pan      | Found an exit through the horrors of the Abyss.
 88583 | Pan      | Reached skill level 15 in Maces & Flails
 88607 | Pan      | Noticed Arufid the pandemonium lord
 88625 | Pan      | Killed Arufid the pandemonium lord
 88688 | Pan      | Learned a level 2 spell: Passwall
 88762 | Pan      | Took an exit into the Abyss.
 88762 | Abyss:4  | Escaped into the Abyss
 88766 | Abyss:4  | Noticed a dread lich
 88773 | Abyss:4  | Killed a dread lich
 88774 | Abyss:4  | Reached skill level 1 in Earth Magic
 88778 | Depths:2 | Escaped the Abyss
 90251 | Zig:1    | Entered Level 1 of a ziggurat
 90280 | Zig:2    | Entered Level 2 of a ziggurat
 90307 | Zig:3    | Entered Level 3 of a ziggurat
 90317 | Zig:3    | Reached skill level 1 in Transmutations
 90345 | Zig:4    | Entered Level 4 of a ziggurat
 90481 | Zig:4    | Identified the +3 arbalest "Plog" {penet, Str+2}
 90486 | Zig:4    | Identified the +3 chain mail of Sycs {rN++ Str+2 Slay-4
                  | SInv}
 90521 | Zig:5    | Entered Level 5 of a ziggurat
 90525 | Zig:5    | Noticed a juggernaut
 90527 | Zig:5    | Noticed a juggernaut
 90541 | Zig:5    | Killed a juggernaut
 90559 | Zig:5    | Killed a juggernaut
 90635 | Zig:5    | Got the Papyrus of Violent Phlogiston
 90652 | Zig:5    | Lost mutation: You are very dopey. (Int -4) [potion of
                  | mutation]
 90652 | Zig:5    | Lost mutation: You are dopey. (Int -2) [potion of mutation]
 90652 | Zig:5    | Gained mutation: You are dopey. (Int -2) [potion of
                  | mutation]
 90652 | Zig:5    | Gained mutation: Your movements are slightly less
                  | encumbered by armour. (ER -2) [potion of mutation]
 90652 | Zig:5    | Gained mutation: You are strong-willed. (Will+) [potion of
                  | mutation]
 90656 | Zig:6    | Entered Level 6 of a ziggurat
 90694 | Zig:6    | Identified the +7 scimitar "Vuepsemm" {flame, rPois Dex+3}
 90706 | Zig:6    | Identified the +2 hand axe "Reeluata" {flame, Str+3 Int+3}
 90711 | Zig:6    | Got the Octavo of Exhalation
 90716 | Zig:7    | Entered Level 7 of a ziggurat
 90791 | Zig:7    | Reached skill level 5 in Air Magic
 90798 | Zig:8    | Entered Level 8 of a ziggurat
 90822 | Zig:8    | Got Sif Muna's Incunable of Enchanted Adjuration
 90825 | Zig:8    | Identified the +2 robe of Ycuebe {rElec Archmagi}
 90874 | Zig:8    | Got the Codex of Limned Moulding
 90886 | Zig:9    | Entered Level 9 of a ziggurat
 90906 | Zig:9    | Reached skill level 5 in Earth Magic
 90967 | Zig:10   | Entered Level 10 of a ziggurat
 90982 | Zig:10   | Noticed Liqur the pandemonium lord
 91005 | Zig:10   | Gained mutation: You occasionally shout uncontrollably at
                  | your foes. [a neqoxec]
 91027 | Zig:10   | Found the +8 Vampire's Tooth {megavamp}
 91030 | Zig:10   | Killed Liqur the pandemonium lord
 91071 | Zig:11   | Entered Level 11 of a ziggurat
 91310 | Zig:11   | Identified the +2 rapier "Otwemimm" {freeze, rCorr MP+9}
 91317 | Zig:12   | Entered Level 12 of a ziggurat
 91380 | Zig:12   | Identified the +2 mace of True Grit {spect, rN+ Dex+5}
 91392 | Zig:12   | Got Sif Muna's Atlas of the Decaying Boggart
 91418 | Zig:13   | Entered Level 13 of a ziggurat
 91535 | Zig:13   | Identified the +2 flail "Tohif" {vamp, rElec Int+5}
 91548 | Zig:14   | Entered Level 14 of a ziggurat
 91563 | Zig:14   | Learned a level 6 spell: Dispersal
 91568 | Zig:14   | Gained mutation: You are vulnerable to heat. (rF-) [a
                  | cacodemon]
 91575 | Zig:14   | Noticed Kihyss the pandemonium lord
 91590 | Zig:14   | Killed Kihyss the pandemonium lord
 91637 | Zig:14   | Found the +9 scales of the Dragon King {rPois rF+ rC+
                  | Will+}
 91644 | Zig:14   | Identified the +1 war axe of Irritation {flame, rElec rC+
                  | Will+}
 91726 | Zig:14   | Identified the amulet of Kuteegupp {Faith MP+9}
 91748 | Zig:15   | Entered Level 15 of a ziggurat
 91868 | Zig:15   | Found the +13 scythe of Curses {drain, curses, Drain}
 91885 | Zig:15   | Identified the +6 trident of the Coin {speed, rPois rC-
                  | Stlth+}
 91922 | Zig:16   | Entered Level 16 of a ziggurat
 91992 | Zig:16   | Identified the ring "Jufrug" {Fire rPois}
 92006 | Zig:16   | Identified the +0 ring mail of Defence {+Blink Dex+5}
 92012 | Zig:16   | Identified the +4 morningstar of Fobreg {freeze, Str+2}
 92013 | Zig:16   | Identified the +4 scale mail "Esidd" {rF- rC+ rN+ Int+6}
 92015 | Zig:16   | Identified the +5 falchion "Bawnuum" {flame, rC+}
 92017 | Zig:16   | Identified the +1 lajatang of Mawiblas {heavy, rC- Will+++
                  | rCorr Dex-5}
 92049 | Zig:17   | Entered Level 17 of a ziggurat
 92060 | Zig:17   | Noticed Keleigau the pandemonium lord
 92061 | Zig:17   | Noticed Godd the pandemonium lord
 92061 | Zig:17   | Noticed Acelal the pandemonium lord
 92061 | Zig:17   | Noticed Caon Qopnu the pandemonium lord
 92061 | Zig:17   | Noticed Ecuoruen the pandemonium lord
 92061 | Zig:17   | Noticed Diullutt the pandemonium lord
 92067 | Zig:17   | Killed Keleigau the pandemonium lord
 92069 | Zig:17   | Killed Acelal the pandemonium lord
 92069 | Zig:17   | Killed Diullutt the pandemonium lord
 92071 | Zig:17   | Killed Ecuoruen the pandemonium lord
 92072 | Zig:17   | Killed Godd the pandemonium lord
 92074 | Zig:17   | Killed Caon Qopnu the pandemonium lord
 92130 | Zig:17   | Identified the +1 plate armour of Greed {rC- Int+6 SInv}
 92142 | Zig:17   | Identified the amulet "Muaxteemn" {Faith Fragile Str+2
                  | Int+2 Dex+4}
 92160 | Zig:17   | Identified the ring "Oqineog" {Fly rCorr Int-2 Slay+6 SInv}
 92161 | Zig:17   | Identified the +5 plate armour "Suebluc" {rPois Stlth+}
 92163 | Zig:17   | Identified the +7 plate armour "Holyfuja" {Fly rElec}
 92164 | Zig:17   | Identified the +6 trident "Caotang" {freeze, Fly rF++ Str-3
                  | SInv}
 92194 | Zig:17   | Lost mutation: Your movements are slightly less encumbered
                  | by armour. (ER -2) [potion of mutation]
 92194 | Zig:17   | Lost mutation: You are agile. (Dex +4, Str/Int -1) [potion
                  | of mutation]
 92194 | Zig:17   | Gained mutation: You have large cloven feet. [potion of
                  | mutation]
 92195 | Zig:17   | Lost mutation: Your spells are a little easier to cast, but
                  | a little less powerful. [potion of mutation]
 92195 | Zig:17   | Lost mutation: You are dopey. (Int -2) [potion of mutation]
 92195 | Zig:17   | Gained mutation: Your magical capacity is low. (-10% MP)
                  | [potion of mutation]
 92195 | Zig:17   | Gained mutation: You are agile. (Dex +4, Str/Int -1)
                  | [potion of mutation]
 92196 | Zig:17   | Lost mutation: A frigid envelope surrounds you and freezes
                  | all who hurt you. [potion of mutation]
 92196 | Zig:17   | Lost mutation: You are agile. (Dex +4, Str/Int -1) [potion
                  | of mutation]
 92196 | Zig:17   | Lost mutation: You are strong-willed. (Will+) [potion of
                  | mutation]
 92196 | Zig:17   | Lost mutation: You have large cloven feet. [potion of
                  | mutation]
 92196 | Zig:17   | Gained mutation: Your spells are a little harder to cast,
                  | but a little more powerful. [potion of mutation]
 92197 | Zig:17   | Lost mutation: Your spells are a little harder to cast, but
                  | a little more powerful. [potion of mutation]
 92197 | Zig:17   | Lost mutation: You occasionally shout uncontrollably at
                  | your foes. [potion of mutation]
 92197 | Zig:17   | Gained mutation: You are agile. (Dex +4, Str/Int -1)
                  | [potion of mutation]
 92197 | Zig:17   | Lost mutation: You are agile. (Dex +4, Str/Int -1) [potion
                  | of mutation]
 92198 | Zig:17   | Lost mutation: Your magical capacity is low. (-10% MP)
                  | [potion of mutation]
 92198 | Zig:17   | Lost mutation: You are vulnerable to heat. (rF-) [potion of
                  | mutation]
 92198 | Zig:17   | Lost mutation: Your natural rate of healing is unusually
                  | fast. [potion of mutation]
 92198 | Zig:17   | Gained mutation: You occasionally lose the ability to drink
                  | potions when taking damage. [potion of mutation]
 92198 | Zig:17   | Gained mutation: Your flesh is heat resistant. (rF+)
                  | [potion of mutation]
 92198 | Zig:17   | Gained mutation: You have large cloven feet. [potion of
                  | mutation]
 92199 | Zig:17   | Lost mutation: You have large cloven feet. [potion of
                  | mutation]
 92199 | Zig:17   | Lost mutation: You occasionally lose the ability to drink
                  | potions when taking damage. [potion of mutation]
 92199 | Zig:17   | Gained mutation: Your body sometimes deteriorates upon
                  | taking damage. [potion of mutation]
 92199 | Zig:17   | Gained mutation: You have hidden genetic potential. [potion
                  | of mutation]
 92199 | Zig:17   | Gained mutation: Your mind is acute. (Int +4, Str/Dex -1)
                  | [potion of mutation]
 92201 | Zig:18   | Entered Level 18 of a ziggurat
 92344 | Zig:18   | Identified the ring "Zasch" {+Blink rF+ rN+ Dex+6}
 92347 | Zig:18   | Identified the ring "Cobb" {+Blink rElec AC+4 Str+2}
 92359 | Zig:18   | Identified the +6 dagger of Reseuvir {venom, +Blink Will+}
 92458 | Zig:19   | Entered Level 19 of a ziggurat
 92484 | Zig:19   | Noticed an ancient lich
 92504 | Zig:19   | Killed an ancient lich
 92638 | Zig:19   | Identified the ring "Ugoed" {Fire Fly Dex+3}
 92651 | Zig:19   | Identified the amulet of Viyd Eli {RegenMP Int+2 Dex+3
                  | Slay-5}
 92656 | Zig:19   | Identified the ring "Napokh" {rPois rC+ Str+4 Int+5 Slay-5}
 92808 | Zig:20   | Entered Level 20 of a ziggurat
 92818 | Zig:20   | Noticed Gaibacs the pandemonium lord
 92818 | Zig:20   | Noticed Ositsir the pandemonium lord
 92819 | Zig:20   | Noticed Piskaungowic the pandemonium lord
 92823 | Zig:20   | Noticed Tyrysuph the pandemonium lord
 92824 | Zig:20   | Noticed Buulad the pandemonium lord
 92824 | Zig:20   | Killed Gaibacs the pandemonium lord
 92826 | Zig:20   | Noticed Wiack the pandemonium lord
 92827 | Zig:20   | Noticed Ciciloq the pandemonium lord
 92833 | Zig:20   | Killed Piskaungowic the pandemonium lord
 92834 | Zig:20   | Noticed Zage the pandemonium lord
 92835 | Zig:20   | Noticed Dajyz the pandemonium lord
 92840 | Zig:20   | Noticed Roba the pandemonium lord
 92842 | Zig:20   | Killed Tyrysuph the pandemonium lord
 92843 | Zig:20   | Killed Zage the pandemonium lord
 92843 | Zig:20   | Killed Ciciloq the pandemonium lord
 92846 | Zig:20   | Killed Buulad the pandemonium lord
 92846 | Zig:20   | Noticed Nojenits the pandemonium lord
 92847 | Zig:20   | Noticed Kiywiruw the pandemonium lord
 92855 | Zig:20   | Killed Ositsir the pandemonium lord
 92855 | Zig:20   | Noticed Cefarena the pandemonium lord
 92856 | Zig:20   | Killed Wiack the pandemonium lord
 92868 | Zig:20   | Killed Nojenits the pandemonium lord
 92873 | Zig:20   | Killed Dajyz the pandemonium lord
 92888 | Zig:20   | Killed Roba the pandemonium lord
 92893 | Zig:20   | Killed Kiywiruw the pandemonium lord
 92900 | Zig:20   | Killed Cefarena the pandemonium lord
 92959 | Zig:20   | Got Wuzuumn's Lost Secrets of the Hierophant
 93166 | Zig:20   | Learned a level 5 spell: Yara's Violent Unravelling
 93273 | Zig:21   | Entered Level 21 of a ziggurat
 93364 | Zig:21   | Gained mutation: You have a pair of small antennae on your
                  | head. [hidden potential]
 93372 | Zig:21   | Reached skill level 5 in Transmutations
 93447 | Zig:21   | Identified the +0 morningstar of Havoc {drain, Dex+4}
 93468 | Zig:21   | Identified the +1 sling of Crystal {freeze, rF+ rC+}
 93471 | Zig:21   | Identified the +9 battleaxe of Qaeggim {freeze, Fly rF-
                  | Will++}
 93475 | Zig:21   | Got the Omnibus of Geological Intoxication
 93476 | Zig:21   | Identified the +3 flail of Lusting Peril {freeze, Int+5}
 93484 | Zig:21   | Identified the amulet of Jatsauxt {Acrobat Regen+}
 93632 | Zig:21   | Lost mutation: Your body sometimes deteriorates upon taking
                  | damage. [potion of mutation]
 93632 | Zig:21   | Lost mutation: You have hidden genetic potential. [potion
                  | of mutation]
 93632 | Zig:21   | Gained mutation: Your body sometimes deteriorates upon
                  | taking damage. [potion of mutation]
 93633 | Zig:21   | Lost mutation: You are frail. (-10% HP) [potion of
                  | mutation]
 93633 | Zig:21   | Lost mutation: Your body sometimes deteriorates upon taking
                  | damage. [potion of mutation]
 93633 | Zig:21   | Gained mutation: You are frail. (-10% HP) [potion of
                  | mutation]
 93634 | Zig:21   | Lost mutation: You are frail. (-10% HP) [potion of
                  | mutation]
 93634 | Zig:21   | Lost mutation: Your flesh is heat resistant. (rF+) [potion
                  | of mutation]
 93634 | Zig:21   | Lost mutation: You have a pair of small antennae on your
                  | head. [potion of mutation]
 93634 | Zig:21   | Gained mutation: Your spells are a little harder to cast,
                  | but a little more powerful. [potion of mutation]
 93673 | Zig:22   | Entered Level 22 of a ziggurat
 93887 | Zig:22   | Found the brooch of Shielding {Spirit SH+8}
 93887 | Zig:22   | Found the +5 scythe "Finisher" {speed, eviscerate}
 93906 | Zig:22   | Identified the +0 pair of gloves "Odiaczel" {*Slow rElec
                  | rN++ Stlth+}
 93917 | Zig:22   | Identified the +9 plate armour "Zisch" {rPois Regen+
                  | Stlth+}
 93956 | Zig:22   | Identified the +10 trident "Bauth" {pain, Fragile Dex+5}
 93970 | Zig:23   | Entered Level 23 of a ziggurat
 94032 | Zig:23   | Reached skill level 27 in Invocations
 94050 | Zig:23   | Was placed under penance by the Shining One
 94392 | Zig:23   | Identified the +7 sling of Ogoangao {freeze, rF++}
 94402 | Zig:23   | Identified the +1 ring mail "Barad" {Int+4}
 94405 | Zig:23   | Identified the +5 hand crossbow of Cowardice {flame,
                  | Fragile rN+ Str+3}
 94409 | Zig:23   | Identified the +2 spear "Deiroffi" {holy, Dex+4}
 94419 | Zig:23   | Identified the ring of Free Will {Drain rElec rPois rC+}
 94509 | Pan      | Entered Pandemonium
 95078 | Pan      | Found an exit through the horrors of the Abyss.
 95251 | Pan      | Was forgiven by the Shining One
 95672 | Pan      | Identified a +9 eveningstar of holy wrath (a +9 eveningstar
                  | of electrocution blessed by the Shining One)
 95672 | Pan      | Received a gift from the Shining One
 95714 | Pan      | Found Zericu Zuff's Fine Accessories.
 95717 | Pan      | Found an opulent altar of Gozag.
 95729 | Pan      | Noticed a dread lich
 95735 | Pan      | Noticed Zericu Zuff the pandemonium lord
 95740 | Pan      | Killed a dread lich
 95750 | Pan      | Killed Zericu Zuff the pandemonium lord
 95796 | Pan      | Gained mutation: You are frail. (-10% HP) [a cacodemon]
 96506 | Pan      | Found Zericu Zuff's Assorted Sundries.
 96511 | Pan      | Found an opulent altar of Gozag.
 96525 | Pan      | Found Zericu Zuff's Rarities Depository.
 96528 | Pan      | Found an opulent altar of Gozag.
 96530 | Pan      | Bought a potion of resistance for 220 gold pieces
 96536 | Pan      | Found Zericu Zuff's Jewellery Shoppe.
 96538 | Pan      | Gained mutation: Your magical capacity is low. (-10% MP) [a
                  | neqoxec]
 96563 | Pan      | Bought the ring "Xigefaof" {rF+ rC+ rN+ Str-4 Int+2} for
                  | 772 gold pieces
 97212 | Pan      | Entered the realm of Gloorx Vloq.
 97215 | Pan      | Noticed Gloorx Vloq
 97238 | Pan      | Killed Gloorx Vloq
 97278 | Pan      | Got a dark rune of Zot
 97348 | Pan      | Reached skill level 15 in Translocations
 97482 | Pan      | Reached skill level 10 in Earth Magic
 97986 | Pan      | Lost mutation: Your mind is acute. (Int +4, Str/Dex -1)
                  | [potion of mutation]
 97986 | Pan      | Lost mutation: Your spells are a little harder to cast, but
                  | a little more powerful. [potion of mutation]
 97986 | Pan      | Lost mutation: You are frail. (-10% HP) [potion of
                  | mutation]
 97986 | Pan      | Gained mutation: You possess an exceptional clarity of
                  | mind. [potion of mutation]
 97986 | Pan      | Gained mutation: You have a pair of small antennae on your
                  | head. [potion of mutation]
 97986 | Pan      | Lost mutation: You possess an exceptional clarity of mind.
                  | [potion of mutation]
 97986 | Pan      | Gained mutation: You are covered in fur. (AC +1) [potion of
                  | mutation]
 97987 | Pan      | Lost mutation: You have a pair of small antennae on your
                  | head. [potion of mutation]
 97987 | Pan      | Lost mutation: You are covered in fur. (AC +1) [potion of
                  | mutation]
 97987 | Pan      | Lost mutation: Your magical capacity is low. (-10% MP)
                  | [potion of mutation]
 97987 | Pan      | Gained mutation: Your flesh is heat resistant. (rF+)
                  | [potion of mutation]
 98307 | Pan      | Noticed Ephethro the pandemonium lord
 98316 | Pan      | Killed Ephethro the pandemonium lord
 98511 | Pan      | Found a runed translucent door.
 99009 | Pan      | Found an exit through the horrors of the Abyss.
 99117 | Pan      | Gained mutation: You occasionally lose the ability to drink
                  | potions when taking damage. [a neqoxec]
 99437 | Pan      | Gained mutation: You occasionally lose the ability to read
                  | scrolls when taking damage. [a cacodemon]
 99441 | Pan      | Gained mutation: Your magical capacity is low. (-10% MP) [a
                  | cacodemon]
 99804 | Pan      | Noticed Luwavvut the pandemonium lord
 99826 | Pan      | Killed Luwavvut the pandemonium lord
 99833 | Pan      | Reached skill level 10 in Air Magic
 99975 | Pan      | Noticed Ignacio
 99987 | Pan      | Killed Ignacio
100022 | Pan      | Noticed Ischolut the pandemonium lord
100044 | Pan      | Killed Ischolut the pandemonium lord
100050 | Pan      | Reached skill level 5 in Spellcasting
100332 | Pan      | Gained mutation: You have hidden genetic defects. [a
                  | neqoxec]
100371 | Pan      | Noticed Daul the pandemonium lord
100401 | Pan      | Killed Daul the pandemonium lord
100569 | Pan      | Lost mutation: You occasionally lose the ability to read
                  | scrolls when taking damage. [potion of mutation]
100569 | Pan      | Lost mutation: You have hidden genetic defects. [potion of
                  | mutation]
100569 | Pan      | Lost mutation: Your flesh is heat resistant. (rF+) [potion
                  | of mutation]
100569 | Pan      | Gained mutation: Your body sometimes deteriorates upon
                  | taking damage. [potion of mutation]
100569 | Pan      | Gained mutation: You are frail. (-10% HP) [potion of
                  | mutation]
100569 | Pan      | Gained mutation: Your spells are a little harder to cast,
                  | but a little more powerful. [potion of mutation]
100570 | Pan      | Lost mutation: Your body sometimes deteriorates upon taking
                  | damage. [potion of mutation]
100570 | Pan      | Lost mutation: You occasionally lose the ability to drink
                  | potions when taking damage. [potion of mutation]
100570 | Pan      | Gained mutation: You are strong-willed. (Will+) [potion of
                  | mutation]
100570 | Pan      | Gained mutation: You passively dampen the noise of your
                  | surroundings. [potion of mutation]
100639 | Pan      | Identified the +3 leather armour of the Miller {-Tele Fly
                  | rPois Stlth+}
100875 | Pan      | Noticed Xued the pandemonium lord
100887 | Pan      | Killed Xued the pandemonium lord
101020 | Pan      | Entered the realm of Cerebov.
101132 | Pan      | Found an exit through the horrors of the Abyss.
101225 | Pan      | Identified the +6 long sword "Qazephe" {flame, Fly Dex+5}
101502 | Pan      | Found the +6 sword of Cerebov {flame}
101502 | Pan      | Noticed Cerebov
101573 | Pan      | HP: 4/179 [Cerebov/the +6 sword of Cerebov {flame} (31)]
101578 | Pan      | Killed Cerebov
101806 | Pan      | Identified the +2 great sword of Might {flame, rElec rC-
                  | rCorr SInv}
101814 | Pan      | Got a fiery rune of Zot
101837 | Pan      | Identified the ring of Sumu {Ice Drain Str+2 Int+7}
101858 | Pan      | Lost mutation: You are strong-willed. (Will+) [potion of
                  | mutation]
101858 | Pan      | Lost mutation: You are frail. (-10% HP) [potion of
                  | mutation]
101858 | Pan      | Gained mutation: Your magical capacity is very low. (-20%
                  | MP) [potion of mutation]
101858 | Pan      | Gained mutation: You are partially covered in iridescent
                  | scales. (AC +2) [potion of mutation]
101858 | Pan      | Gained mutation: Armour fits poorly on your strangely
                  | shaped body. [potion of mutation]
101858 | Pan      | Gained mutation: You have a pair of small horns on your
                  | head. [potion of mutation]
101859 | Pan      | Lost mutation: Your spells are a little harder to cast, but
                  | a little more powerful. [potion of mutation]
101859 | Pan      | Lost mutation: You have a pair of small horns on your head.
                  | [potion of mutation]
101859 | Pan      | Gained mutation: You are frail. (-10% HP) [potion of
                  | mutation]
101859 | Pan      | Gained mutation: You are somewhat resistant to further
                  | mutation. [potion of mutation]
101860 | Pan      | Lost mutation: You are frail. (-10% HP) [potion of
                  | mutation]
101860 | Pan      | Lost mutation: You passively dampen the noise of your
                  | surroundings. [potion of mutation]
101897 | Pan      | Lost mutation: You are somewhat resistant to further
                  | mutation. [potion of mutation]
101897 | Pan      | Lost mutation: Your magical capacity is very low. (-20% MP)
                  | [potion of mutation]
101897 | Pan      | Gained mutation: You are partially covered in large bone
                  | plates. (SH +4) [potion of mutation]
101897 | Pan      | Lost mutation: You are partially covered in large bone
                  | plates. (SH +4) [potion of mutation]
101898 | Pan      | Lost mutation: You are partially covered in iridescent
                  | scales. (AC +2) [potion of mutation]
101898 | Pan      | Lost mutation: Your magical capacity is low. (-10% MP)
                  | [potion of mutation]
101898 | Pan      | Lost mutation: Armour fits poorly on your strangely shaped
                  | body. [potion of mutation]
101898 | Pan      | Gained mutation: Armour fits poorly on your strangely
                  | shaped body. [potion of mutation]
101898 | Pan      | Gained mutation: You are agile. (Dex +4, Str/Int -1)
                  | [potion of mutation]
101898 | Pan      | Gained mutation: You have a pair of small horns on your
                  | head. [potion of mutation]
101979 | Pan      | Lost mutation: You have a pair of small horns on your head.
                  | [potion of mutation]
101979 | Pan      | Lost mutation: Armour fits poorly on your strangely shaped
                  | body. [potion of mutation]
101979 | Pan      | Lost mutation: You are agile. (Dex +4, Str/Int -1) [potion
                  | of mutation]
101979 | Pan      | Gained mutation: You passively map a small area around you.
                  | [potion of mutation]
102013 | Pan      | Identified the +8 mace of Raeloz {freeze, Int+5}
102024 | Pan      | Identified the +0 scimitar of Evisceration {freeze, Str+4}
102056 | Pan      | Identified the amulet "Cemen" {rElec rN+ Regen+ Str+2
                  | Slay+3}
102058 | Pan      | Identified the +10 rapier of Plog {venom, *Rage rElec rPois
                  | rN++}
102576 | Pan      | Found an exit through the horrors of the Abyss.
102655 | Pan      | Found a huge runed translucent gate.
102662 | Pan      | Found a huge runed translucent gate.
102663 | Pan      | Found a huge runed translucent gate.
102663 | Pan      | Found a huge runed translucent gate.
102663 | Pan      | Found a huge runed translucent gate.
102663 | Pan      | Found a huge runed translucent gate.
102666 | Pan      | Found a huge runed translucent gate.
102678 | Pan      | Noticed Cymnuoma the pandemonium lord
102704 | Pan      | Killed Cymnuoma the pandemonium lord
102961 | Pan      | Entered the realm of Lom Lobon.
102961 | Pan      | Noticed Lom Lobon
102996 | Pan      | Killed Lom Lobon
103055 | Pan      | Got a magical rune of Zot
103399 | Pan      | Found an exit through the horrors of the Abyss.
104364 | Pan      | Took an exit into the Abyss.
104364 | Abyss:4  | Escaped into the Abyss
104369 | Depths:2 | Escaped the Abyss
104388 | Depths:2 | Learned a level 8 spell: Disjunction
104392 | Depths:2 | Learned a level 3 spell: Ignite Poison
104455 | Hell     | Entered the Vestibule of Hell
104455 | Hell     | Noticed Geryon
104466 | Hell     | Killed Geryon
104497 | Hell     | Found a gateway to the freezing wastes of Cocytus.
104497 | Hell     | Gained mutation: Your body sometimes deteriorates upon
                  | taking damage. [a cacodemon]
104699 | Hell     | Found a gateway to the Iron City of Dis.
104800 | Hell     | Reached skill level 1 in Fire Magic
104800 | Hell     | Reached skill level 1 in Poison Magic
104897 | Hell     | Found a gateway to the ashen valley of Gehenna.
105024 | Hell     | Found a gateway to the decaying netherworld of Tartarus.
105222 | Geh:1    | Entered Level 1 of Gehenna
106127 | Geh:7    | Entered Level 7 of Gehenna
106134 | Geh:7    | Reached skill level 27 in Armour
106135 | Geh:7    | Reached skill level 10 in Spellcasting
106553 | Geh:7    | Found the +7 sceptre of Asmodeus
106553 | Geh:7    | Noticed Asmodeus
106588 | Geh:7    | Killed Asmodeus
106796 | Geh:7    | Got an obsidian rune of Zot
107187 | Geh:7    | Found the +10 zealot's sword {holy, Zealotry, *Rage rN+
                  | EV+3}
107190 | Geh:7    | Found the +5 Force Lance {heavy, knockback}
107202 | Geh:7    | Identified the +1 leather armour of Kindness {rElec Dex+2}
107444 | Tar:1    | Entered Level 1 of Tartarus
107750 | Tar:2    | Reached skill level 10 in Transmutations
107750 | Tar:2    | Reached skill level 5 in Poison Magic
108100 | Tar:3    | Noticed a dread lich
108107 | Tar:3    | Killed a dread lich
108182 | Tar:3    | You are sucked into a shaft and drop 1 floor!
109223 | Tar:7    | Entered Level 7 of Tartarus
109277 | Tar:7    | Noticed an ancient lich
109286 | Tar:7    | Killed an ancient lich
109590 | Tar:7    | Learned a level 3 spell: Vhi's Electric Charge
109595 | Tar:7    | Learned a level 4 spell: Passage of Golubria
109688 | Tar:7    | Noticed a dread lich
109698 | Tar:7    | Killed a dread lich
109823 | Tar:7    | Noticed an ancient lich
109842 | Tar:7    | Killed an ancient lich
110051 | Tar:7    | Noticed Ereshkigal
110084 | Tar:7    | Killed Ereshkigal
110124 | Tar:7    | Got a bone rune of Zot
110415 | Tar:7    | Identified the +5 great sword "Ymiboalu" {freeze, rElec
                  | Will+}
110961 | Tar:7    | Found the +12 glaive of Prune {freeze, Prune}
110989 | Tar:7    | Identified the ring of Zoipluta {Int+6 Dex+3}
111125 | Tar:7    | Found the ring of the Tortoise {AC+8}
111210 | Tar:7    | Identified the +4 ring mail of Decompression {rN+ MP+9
                  | Int-2 Dex+6}
112120 | Dis:1    | Entered Level 1 of the Iron City of Dis
112279 | Dis:1    | You are sucked into a shaft and drop 1 floor!
112867 | Dis:5    | Was placed under penance by the Shining One
113616 | Coc:1    | Entered Level 1 of Cocytus
114106 | Coc:2    | Was forgiven by the Shining One
114441 | Coc:2    | Noticed an ancient lich
114444 | Coc:2    | Noticed an ancient lich
114460 | Coc:2    | Killed an ancient lich
114469 | Coc:2    | Killed an ancient lich
114488 | Coc:2    | Noticed a dread lich
114502 | Coc:2    | Killed a dread lich
114521 | Coc:2    | Learned a level 8 spell: Maxwell's Capacitive Coupling
114541 | Coc:3    | Paralysed by a wendigo for 1 turns
115269 | Coc:5    | Reached skill level 15 in Axes
115620 | Coc:7    | Entered Level 7 of Cocytus
115801 | Coc:7    | Paralysed by a wendigo for 1 turns
115816 | Coc:7    | Paralysed by a wendigo for 1 turns
115830 | Coc:7    | Paralysed by a wendigo for 1 turns
115909 | Coc:7    | Paralysed by a wendigo for 1 turns
116011 | Coc:7    | Paralysed by a wendigo for 1 turns
116051 | Coc:7    | Paralysed by a wendigo for 1 turns
116088 | Coc:7    | Paralysed by a wendigo for 1 turns
116095 | Coc:7    | Paralysed by a wendigo for 1 turns
116189 | Coc:7    | Paralysed by a wendigo for 1 turns
116246 | Coc:7    | Learned a level 2 spell: Lesser Beckoning
116369 | Coc:7    | Noticed Antaeus
116384 | Coc:7    | Killed Antaeus
116407 | Coc:7    | Got an icy rune of Zot
116410 | Coc:7    | Identified the +5 arbalest "Urha Hato" {flame, rElec rC+
                  | Dex+3}
116411 | Coc:7    | Found the +3 giant club "Skullcrusher" {speed, Str+7}
116527 | Coc:7    | Paralysed by a wendigo for 1 turns
116623 | Coc:7    | Paralysed by a wendigo for 1 turns
117277 | Dis:4    | Learned a level 1 spell: Apportation
117601 | Dis:5    | Reached skill level 27 in Shields
118162 | Dis:7    | Entered Level 7 of the Iron City of Dis
119263 | Dis:7    | Reached skill level 15 in Spellcasting
119456 | Dis:7    | Noticed the Serpent of Hell
119483 | Dis:7    | Killed the Serpent of Hell
120083 | Dis:7    | Found the +4 staff of Dispater
120083 | Dis:7    | Noticed Dispater
120148 | Dis:7    | Killed Dispater
120551 | Dis:7    | Got an iron rune of Zot
120724 | Dis:7    | Identified the +7 longbow of Midwinter {antimagic, Str-2
                  | Int+6}
120746 | Dis:7    | Identified the +1 pair of boots of the Invisible Hand
                  | {Rampage}
121439 | Dis:7    | Identified the +4 robe of the Lotus Blossom {rPois Int+2}
121467 | Dis:7    | Identified the +2 robe of Corphaogh {Will- Str+8 Dex-5
                  | Slay+4}
121940 | Depths:3 | Bought a potion of brilliance for 52 gold pieces
122035 | Zot:2    | Killed an ancient lich
122055 | Zot:2    | Killed Xiuhytzi's ghost
122096 | Zot:2    | Identified the ring of Tyraqana {rC+ rCorr Dex+3}
122398 | Orc:2    | Bought a potion of cancellation for 112 gold pieces
122398 | Orc:2    | Bought a potion of brilliance for 56 gold pieces
122458 | Elf:1    | Bought a potion of brilliance for 60 gold pieces
122743 | Tomb:1   | Entered Level 1 of the Tomb of the Ancients
123784 | Tomb:1   | Noticed a royal mummy
123799 | Tomb:1   | Killed a royal mummy
123808 | Tomb:1   | Noticed a royal mummy
123814 | Tomb:1   | Noticed a royal mummy
123822 | Tomb:1   | Killed a royal mummy
123827 | Tomb:1   | Killed a royal mummy
124194 | Tomb:2   | Noticed a royal mummy
124198 | Tomb:2   | Noticed a royal mummy
124201 | Tomb:2   | Noticed a royal mummy
124202 | Tomb:2   | Killed a royal mummy
124210 | Tomb:2   | Noticed a royal mummy
124228 | Tomb:2   | Killed a royal mummy
124277 | Tomb:2   | Killed a royal mummy
124294 | Tomb:2   | Killed a royal mummy
125669 | Tomb:1   | Noticed a royal mummy
125682 | Tomb:1   | Killed a royal mummy
125747 | Tomb:1   | Noticed a royal mummy
125750 | Tomb:1   | Noticed a royal mummy
125758 | Tomb:1   | Killed a royal mummy
125769 | Tomb:1   | Killed a royal mummy
125815 | Tomb:1   | Noticed a royal mummy
125826 | Tomb:1   | Killed a royal mummy
125846 | Tomb:1   | Noticed a royal mummy
125847 | Tomb:1   | Noticed a royal mummy
125850 | Tomb:1   | Killed a royal mummy
125854 | Tomb:1   | Killed a royal mummy
125860 | Tomb:1   | Noticed a royal mummy
125861 | Tomb:1   | Noticed a royal mummy
125864 | Tomb:1   | Killed a royal mummy
125868 | Tomb:1   | Killed a royal mummy
126146 | Tomb:3   | Entered Level 3 of the Tomb of the Ancients
126159 | Tomb:3   | Found the +2 shield of Resistance {rF++ rC++ Will++}
126213 | Tomb:3   | Noticed a royal mummy
126213 | Tomb:3   | Noticed a royal mummy
126232 | Tomb:3   | Killed a royal mummy
126236 | Tomb:3   | Killed a royal mummy
126257 | Tomb:3   | Noticed a royal mummy
126266 | Tomb:3   | Noticed a royal mummy
126273 | Tomb:3   | Killed a royal mummy
126276 | Tomb:3   | Noticed a royal mummy
126278 | Tomb:3   | Killed a royal mummy
126290 | Tomb:3   | Killed a royal mummy
126295 | Tomb:3   | Noticed a royal mummy
126299 | Tomb:3   | Noticed a royal mummy
126306 | Tomb:3   | Killed a royal mummy
126312 | Tomb:3   | Killed a royal mummy
126338 | Tomb:3   | Noticed a royal mummy
126383 | Tomb:3   | Killed a royal mummy
126458 | Tomb:3   | Identified the +8 scimitar of Jesmany {flame, rF++ Will-
                  | Int+6}
126461 | Tomb:3   | Identified the ring of Salvation {rC+ Will+}
126466 | Tomb:3   | Identified the +1 war axe "Doxiagum" {freeze, Fly}
126500 | Tomb:3   | Identified the +2 whip of Itouhiyr {elec, rC+ rN+ rCorr}
126624 | Tomb:3   | Got a golden rune of Zot
126793 | Tomb:3   | Got the Grimoire of Ectoplasm and Shapes
126809 | Tomb:3   | Identified the amulet "Fyumnid" {Spirit Drain rElec rN+}
126906 | Zig:1    | Entered Level 1 of a ziggurat
126926 | Zig:2    | Entered Level 2 of a ziggurat
126948 | Zig:3    | Entered Level 3 of a ziggurat
126951 | Zig:3    | Noticed a juggernaut
126967 | Zig:3    | Killed a juggernaut
126988 | Zig:4    | Entered Level 4 of a ziggurat
127022 | Zig:5    | Entered Level 5 of a ziggurat
127063 | Zig:6    | Entered Level 6 of a ziggurat
127129 | Zig:6    | Identified the +2 pair of gloves of Evolution {rN++ SInv}
127186 | Zig:7    | Entered Level 7 of a ziggurat
127193 | Zig:7    | Noticed an ancient lich
127200 | Zig:7    | Killed an ancient lich
127237 | Zig:7    | Acquired the Thoughts on Fey Pestilence
127243 | Zig:8    | Entered Level 8 of a ziggurat
127285 | Zig:8    | Identified the +6 flail of Owuwke Ypuu {drain, rElec rPois
                  | Str+2 Dex-4}
127288 | Zig:8    | Identified the +7 plate armour "Huush" {Will+ Dex+2}
127293 | Zig:9    | Entered Level 9 of a ziggurat
127336 | Zig:9    | Identified the +7 scimitar of the Winnowing Gods {heavy,
                  | Dex+4}
127360 | Zig:9    | Identified the ring of Jitiod {rPois rF+ rCorr}
127381 | Zig:10   | Entered Level 10 of a ziggurat
127391 | Zig:10   | Found the +6 arbalest "Damnation" {damnation}
127413 | Zig:10   | Identified the ring of the Serpent {rElec rN+ Will+ Dex+4}
127434 | Zig:11   | Entered Level 11 of a ziggurat
127444 | Zig:11   | Noticed a royal mummy
127450 | Zig:11   | Noticed a royal mummy
127450 | Zig:11   | Noticed a royal mummy
127453 | Zig:11   | Noticed a royal mummy
127459 | Zig:11   | Killed a royal mummy
127460 | Zig:11   | Killed a royal mummy
127460 | Zig:11   | Killed a royal mummy
127460 | Zig:11   | Killed a royal mummy
127472 | Zig:11   | Identified the ring of Truth {rElec rPois rF+ rC- Str+4}
127497 | Zig:11   | Identified the +4 whip "Jiarowke" {elec, rF+}
127506 | Zig:12   | Entered Level 12 of a ziggurat
127599 | Zig:12   | Identified the +0 robe of Zin's Esteem {rF- Regen+ Int-4
                  | Dex+4}
127626 | Zig:13   | Entered Level 13 of a ziggurat
127637 | Zig:13   | Found the +18 shield of the Gong {Loud rN+ Will+ rCorr
                  | EV-5}
127710 | Zig:13   | Identified the +1 robe of Mirth {rF+ Will+}
127773 | Zig:14   | Entered Level 14 of a ziggurat
127782 | Zig:14   | Noticed an ancient lich
127782 | Zig:14   | Noticed an ancient lich
127793 | Zig:14   | Noticed a dread lich
127796 | Zig:14   | Killed an ancient lich
127798 | Zig:14   | Noticed a dread lich
127800 | Zig:14   | Killed an ancient lich
127805 | Zig:14   | Killed a dread lich
127808 | Zig:14   | Killed a dread lich
127861 | Zig:14   | Identified the +5 plate armour of the Distant Future
                  | {Int+3}
127873 | Zig:14   | Identified the +4 cloak of Enanux {Harm +Blink Dex+3}
127905 | Zig:14   | Learned a level 2 spell: Wereblood
127934 | Zig:15   | Entered Level 15 of a ziggurat
127944 | Zig:15   | Noticed a dread lich
127949 | Zig:15   | Killed a dread lich
128050 | Zig:16   | Entered Level 16 of a ziggurat
128057 | Zig:16   | Noticed an ancient lich
128062 | Zig:16   | Noticed a dread lich
128064 | Zig:16   | Killed an ancient lich
128068 | Zig:16   | Killed a dread lich
128105 | Zig:16   | Identified the +4 rapier of Ru's Castigation {flame, rElec
                  | rPois rF+ rCorr}
128150 | Zig:17   | Entered Level 17 of a ziggurat
128168 | Zig:17   | Reached skill level 15 in Earth Magic
128238 | Zig:17   | Identified the ring "Koutes" {MP+9 Int+2}
128240 | Zig:17   | Identified the +1 helmet of Purpose {Regen+ SInv}
128266 | Zig:17   | Identified the +0 chain mail of a bazaar {rC+ MP+9 Str+3}
128269 | Zig:17   | Identified the amulet "Onipaiw" {Spirit rF+}
128274 | Zig:17   | Identified the +5 rapier of Transparent Valour {drain, rF+
                  | rC++ Stlth+}
128276 | Zig:17   | Identified the +7 demon whip "Feok" {freeze, rPois rN+ MP+9
                  | Dex-2}
128342 | Zig:18   | Entered Level 18 of a ziggurat
128355 | Zig:18   | Noticed Rirchuir the pandemonium lord
128360 | Zig:18   | Killed Rirchuir the pandemonium lord
128369 | Zig:18   | Found the +6 Majin-Bo {spellvamp, MP+6 Int+6}
128390 | Abyss:4  | Cast into level 4 of the Abyss (reaper)
128399 | Abyss:4  | Found a corrupted altar of Lugonu.
128493 | Abyss:4  | Paralysed by accursed screaming for 1 turns
128507 | Abyss:4  | Gained mutation: Your body often deteriorates upon taking
                  | damage. [a neqoxec]
128531 | Zig:18   | Escaped the Abyss
128535 | Zig:18   | Reached skill level 27 in Dodging
128551 | Zig:18   | Lost mutation: Your body often deteriorates upon taking
                  | damage. [potion of mutation]
128551 | Zig:18   | Lost mutation: Your body sometimes deteriorates upon taking
                  | damage. [potion of mutation]
128551 | Zig:18   | Gained mutation: You have a beak for a mouth. [potion of
                  | mutation]
128551 | Zig:18   | Gained mutation: You expend magic power (3 MP) to
                  | strengthen your wands. [potion of mutation]
128551 | Zig:18   | Gained mutation: You are frail. (-10% HP) [potion of
                  | mutation]
128551 | Zig:18   | Gained mutation: You are partially covered in iridescent
                  | scales. (AC +2) [potion of mutation]
128552 | Zig:18   | Lost mutation: You have a beak for a mouth. [potion of
                  | mutation]
128552 | Zig:18   | Lost mutation: You passively map a small area around you.
                  | [potion of mutation]
128552 | Zig:18   | Lost mutation: You expend magic power (3 MP) to strengthen
                  | your wands. [potion of mutation]
128552 | Zig:18   | Gained mutation: Armour fits poorly on your strangely
                  | shaped body. [potion of mutation]
128552 | Zig:18   | Gained mutation: You are weak. (Str -2) [potion of
                  | mutation]
128553 | Zig:18   | Lost mutation: Armour fits poorly on your strangely shaped
                  | body. [potion of mutation]
128553 | Zig:18   | Lost mutation: You are partially covered in iridescent
                  | scales. (AC +2) [potion of mutation]
128553 | Zig:18   | Gained mutation: You are dopey. (Int -2) [potion of
                  | mutation]
128553 | Zig:18   | Gained mutation: You have supernaturally acute eyesight.
                  | (SInv) [potion of mutation]
128553 | Zig:18   | Gained mutation: You have large cloven feet. [potion of
                  | mutation]
128554 | Zig:18   | Lost mutation: You are weak. (Str -2) [potion of mutation]
128554 | Zig:18   | Lost mutation: You are frail. (-10% HP) [potion of
                  | mutation]
128554 | Zig:18   | Lost mutation: You have supernaturally acute eyesight.
                  | (SInv) [potion of mutation]
128554 | Zig:18   | Gained mutation: You have sharp fingernails. [potion of
                  | mutation]
128554 | Zig:18   | Gained mutation: Your muscles are strong. (Str +4, Int/Dex
                  | -1) [potion of mutation]
128554 | Zig:18   | Gained mutation: Your spells are a little harder to cast,
                  | but a little more powerful. [potion of mutation]
128596 | Zig:18   | Identified the +0 ice dragon scales "Giuh" {Rampage rF-
                  | rC++ rN+ Slay+2 SInv}
128611 | Zig:18   | Identified the ring "Tanuusk" {rF++ rC- rCorr MP+9 Dex+4}
128638 | Zig:19   | Entered Level 19 of a ziggurat
128646 | Zig:19   | Noticed a dread lich
128647 | Zig:19   | Noticed an ancient lich
128651 | Zig:19   | Killed an ancient lich
128657 | Zig:19   | Killed a dread lich
128685 | Zig:19   | Found the +8 lance "Wyrmbane" {slay drac, rPois rF+ rC+
                  | AC+3}
128724 | Zig:19   | Identified the +2 robe of the Orb {rPois}
128735 | Zig:19   | Identified the +8 trident "Gargoyle's Foe" {elec, Fly Will-
                  | Int+6}
128742 | Zig:19   | Identified the ring "Doun" {EV+5 Dex+4}
128768 | Zig:20   | Entered Level 20 of a ziggurat
129580 | Zot:5    | Entered Level 5 of the Realm of Zot
129819 | Zot:5    | Noticed an orb of fire
129824 | Zot:5    | Noticed an orb of fire
129828 | Zot:5    | Noticed an orb of fire
129831 | Zot:5    | Noticed a dread lich
129832 | Zot:5    | Noticed an orb of fire
129857 | Zot:4    | Gained mutation: Your magical capacity is low. (-10% MP)
                  | [an orb of fire]
129858 | Zot:4    | Killed an orb of fire
129901 | Zot:5    | Noticed an orb of fire
129901 | Zot:5    | Noticed an ancient lich
129901 | Zot:5    | Noticed a dread lich
129905 | Zot:4    | Killed an ancient lich
129910 | Zot:4    | Gained mutation: You are vulnerable to heat. (rF-) [an orb
                  | of fire]
129912 | Zot:4    | Killed an orb of fire
129976 | Zot:5    | Gained mutation: You occasionally lose the ability to read
                  | scrolls when taking damage. [an orb of fire]
129982 | Zot:5    | Gained mutation: You have a pair of small horns on your
                  | head. [an orb of fire]
129983 | Zot:5    | Gained mutation: You are very dopey. (Int -4) [an orb of
                  | fire]
129984 | Zot:5    | Killed an orb of fire
129984 | Zot:5    | Killed an orb of fire
129984 | Zot:5    | Killed an orb of fire
130004 | Zot:5    | Killed a dread lich
130076 | Zot:5    | Killed a dread lich
130406 | Zot:5    | HP: 7/199 [yellow draconian annihilator/crystal spear[a
                  | yellow draconian annihilator] (61)]
130823 | Zot:5    | Lost mutation: You have large cloven feet. [potion of
                  | mutation]
130823 | Zot:5    | Lost mutation: Your spells are a little harder to cast, but
                  | a little more powerful. [potion of mutation]
130823 | Zot:5    | Lost mutation: You are vulnerable to heat. (rF-) [potion of
                  | mutation]
130823 | Zot:5    | Gained mutation: Your spells are a little harder to cast,
                  | but a little more powerful. [potion of mutation]
130823 | Zot:5    | Lost mutation: Your spells are a little harder to cast, but
                  | a little more powerful. [potion of mutation]
130823 | Zot:5    | Gained mutation: You have sharp toenails. [potion of
                  | mutation]
130824 | Zot:5    | Lost mutation: You have sharp toenails. [potion of
                  | mutation]
130824 | Zot:5    | Lost mutation: You occasionally lose the ability to read
                  | scrolls when taking damage. [potion of mutation]
130824 | Zot:5    | Lost mutation: Your muscles are strong. (Str +4, Int/Dex
                  | -1) [potion of mutation]
130824 | Zot:5    | Gained mutation: You have very sharp fingernails. [potion
                  | of mutation]
131172 | Zot:5    | Got the Orb of Zot
131883 | D:$      | Escaped with the Orb!

Illustrated notes

Levels and vault maps discovered:
D:1:      roderic_chinese_lattice_arrival, layout_basic
D:2:      layout_rooms, basic_altar, serial_shops, nicolae_shop_hallway_plus,
          amcnicky_mini_rare_corridor_liquid
D:3:      layout_basic, minmay_crystal_room, grunt_ministairs_14, uniq_grinder
D:4:      layout_gridville, gammafunk_temple_overflow_pools,
          minmay_temple_entry_steel_oval, kennysheep_generic_room_14
D:5:      layout_loops_corners, uniq_menkaure
D:6:      layout_basic
D:7:      layout_gridville, zin_academy, led_sif_book
D:8:      layout_basic
D:9:      layout_roguey, enter_bailey_5, minmay_misc_feat_encased, uniq_grum,
          uniq_maggie
D:10:     layout_stronghold, vehumet_crystals,
          mainiacjoe_overflow_six_doors_small, erik_lair_dragon,
          gammafunk_ghost_wrathful_warriors
D:11:     layout_loops_corners, nicolae_ru_path_of_blood
D:12:     layout_gridville, orc_0_dummy, gauntlet_entry_generic, uniq_urug
D:13:     layout_big_octagon, erik_vaults_2, eino_jars
D:14:     layout_basic, serial_bayou_lagoon_a
D:15:     grunt_enter_depths_magical_seal, layout_basic,
          yredelemnul_altar_generic, uniq_josephine
Temple:   nicolae_temple_x_marks_the_god
Lair:1:   layout_hall_layers, gammafunk_ghost_cemetery, uniq_erica
Lair:2:   layout_cave_pods, nicolae_shoals_entry_roost, dreamdust_wasp_nest
Lair:3:   minmay_lair_oklob_tunnel, layout_chaotic_city, spider_nest_entry_webs,
          serial_bayou_shore_b
Lair:4:   layout_cave_pods, basic_altar, grunt_forest_small_clearing_treed
Lair:5:   evilmike_catoblepas_cave, layout_gridlike,
          minmay_slime_entry_oklob_open
Shoals:1: layout_shoals, serial_shops, shop, nicolae_island_escapes
Shoals:2: layout_shoals, regret_index_shoals_crete
Shoals:3: layout_shoals, uniq_polyphemus
Shoals:4: shoals_end_hellmonk_storm_palace [storm_palace_center_ruins,
          storm_palace_corner_altar, storm_palace_corner_narrow,
          storm_palace_corner_reverse_hut, storm_palace_corner_narrow]
Spider:1: layout_spider_delve
Spider:2: layout_spider_delve, uniq_arachne, uniq_kirke
Spider:3: layout_spider_delve
Spider:4: grunt_spider_rune_island, nicolae_spider_undead_wolf_pack
Slime:1:  nicolae_slime_infinislime, layout_caves
Slime:2:  layout_caves
Slime:3:  layout_caves
Slime:4:  layout_caves
Slime:5
Orc:1:    layout_caves, portal_ice_cave_entry_ice_simulacra
Orc:2:    grunt_orc_tribal_feast, layout_diamond_mine, serial_shops,
          nicolae_shop_advertising_works [nicolae_subvault_shop_adworks],
          gammafunk_ghost_split, uniq_erolcha
Elf:1:    minmay_elf_arrival_plus, layout_onion_city, serial_shops,
          nicolae_shop_bloodbath_and_beyond, nicolae_shop_window_shopping, shop,
          enter_trove_3, minmay_elf_sorcery, uniq_agnes, uniq_roxanne,
          uniq_frances, uniq_zenata
Elf:2:    nicolae_elf_blades_splatter_lattice [nicolae_blade_bullseye],
          layout_geoelf_grid, basic_altar, portal_desolation_entry_nicolae_slug,
          mu_enter_wizlab_5, grunt_megastairs_2, uniq_donald
Elf:3:    minmay_elf_hall_hex, layout_loops_corners, roderic_roman_lattice,
          minivault_13
Vaults:1: grunt_vaults_diagonal, v_misc_12, v_alt_pattern_4,
          ontoclasm_vaults_ring_small, vaults_room_octagon,
          grunt_vaults_trifunnel, vaults_dpeg_cross, vaults_dpeg_encased_lava,
          hangedman_vaults_corner_blocks, v_misc_23,
          nicolae_vaults_network_periphery,
          vaults_standard_mumra_enter_the_diamond, v_misc_27,
          nicolae_vaults_big_ls, special_room_vaults [special_room_orc],
          vaults_room_semicircle, nicolae_vaults_little_squares_1,
          layout_vaults_big_cross, uniq_asterion
Vaults:2: minmay_crypt_entry_necro_gods, vaults_mumra_bighexcomb,
          ontoclasm_vaults_spin, v_misc_17, hangedman_vaults_slice,
          vaults_room_door_ring, layout_vaults_omnigrid, uniq_nikola
Vaults:3: v_misc_30, vaults_dpeg_doors, vaults_room_door_ring,
          grunt_vaults_hallway_short, v_misc_2, dpeg_vaults_waves,
          ontoclasm_vaults_decontamination, vaults_dpeg_emergency_exit,
          nicolae_vaults_shelves_hall, nicolae_vaults_ring_of_whatevers,
          layout_vaults_chaotic_city
Vaults:4: gammafunk_ghost_mausoleum, vaults_mumra_hexcomb,
          nicolae_vaults_triangles, ontoclasm_vaults_twist,
          ontoclasm_vaults_chip, nicolae_vaults_little_squares_4,
          ontoclasm_vaults_hangar, grunt_vaults_funnel, vaults_room_ringed_pool,
          nicolae_vaults_big_angled_halls, nicolae_vaults_murderbox, v_rooms_5,
          ontoclasm_vaults_loading_screen, layout_vaults_omnibox, serial_shops,
          nicolae_diamond_shop
Vaults:5: serial_shops
Crypt:1:  layout_misc_corridors, minmay_misc_feat_rows,
          grunt_crypt_arrival_split
Crypt:2:  layout_misc_corridors
Crypt:3:  church_of_pain_bobbens, layout_chaotic_city, moated_statue
Tomb:1
Tomb:2
Tomb:3
Depths:1: layout_roguey, enter_ziggurat_c, grunt_hell_entry_dis_mu,
          grunt_decor_resistance, kennysheep_four_rooms
Depths:2: minmay_coctagon, layout_gridlike, hell_entry,
          nicolae_twisting_strands, rand_demon_pan_entry_8, abyss_entry,
          kennysheep_island_fort, minmay_staircase_windowed_small
Depths:3: giant_chief_lemuel, layout_long_grid, pan_entry, serial_shops, shop,
          pf_hell_entry_tar_river, abyss_entry_glasseish
Depths:4: grunt_twist_and_shout, layout_gridlike, hell_entry
Hell
Dis:1:    layout_subdivisions, nicolae_hells_seeping_fissure
Dis:2:    layout_regular_city
Dis:3:    layout_gridville, nrook_loot_triangle
Dis:4:    layout_regular_city, nicolae_hells_fiendish_ambush
Dis:5:    layout_regular_city, nicolae_dis_bowling_alley
Dis:6:    layout_regular_city
Dis:7:    iron_city_of_dis [dis_mu, dis_wall_6], layout_gridville
Geh:1:    layout_gehenna_pools_box
Geh:2:    layout_gehenna_pools_box
Geh:3:    layout_gehenna_lava_caves
Geh:4:    nicolae_hells_demon_pit, layout_gehenna_pools_triple
Geh:5:    nicolae_geh_realm_of_the_lava_sea
Geh:6:    layout_gehenna_pools_box
Geh:7:    evilmike_geh
Coc:1:    layout_ice_bergs
Coc:2:    layout_cocytus_delve, nicolae_hells_leichenhalle
Coc:3:    layout_ice_bergs
Coc:4:    layout_cocytus_water_paths
Coc:5:    layout_ice_bergs
Coc:6:    layout_cocytus_water_paths
Coc:7:    coc_hangedman
Tar:1:    layout_grid_maze
Tar:2:    layout_honeycomb
Tar:3:    nicolae_tar_honey_stairs, layout_cathedral_of_symmetry
Tar:4:    layout_cathedral_of_symmetry
Tar:5:    layout_honeycomb
Tar:6:    layout_grid_maze
Tar:7:    tar_old
Zot:1:    layout_twisted_circle, not_door_vault_due
Zot:2:    layout_basic, gammafunk_ghost_necromancy
Zot:3:    layout_gridlike, nicolae_diode_basic
Zot:4:    layout_twisted_circle
Zot:5:    layout_onion

Skill      XL: |  1  2  3  4  5  6  7  8  9 10 11 12 13 14 15 16 17 18 19 20 21 22 23 24 25 26 27 |
---------------+----------------------------------------------------------------------------------+-----
Fighting       | 5 6 8 9 10 11 12 13 14 16 17 18 19 20 21 22 23 24 25 27 | 27.0
Maces & Flails | 3 4 5 6 7 9 10 11 12 13 25 | 25.5
Armour         | 4 5 6 7 8 9 10 11 12 13 14 15 16 17 18 27 | 27.0
Shields        | 4 7 9 10 12 13 14 15 16 17 27 | 27.0
Dodging        | 1 2 3 4 5 6 7 8 9 10 12 14 15 16 17 18 27 | 27.0
Axes           | 1 3 4 6 7 9 10 11 12 13 18 | 18.6
Translocations | 1 2 3 4 5 6 7 8 24 | 24.7
Invocations    | 1 4 6 8 9 11 12 14 15 16 17 18 19 20 21 27 | 27.0
Hexes          | 3 5 7 8 11 | 11.3
Evocations     | 2 4 6 7 8 |  8.2
Spellcasting   | 23 | 23.4
Air Magic      | 14 | 14.0
Earth Magic    | 20 | 20.7
Transmutations | 10 | 10.5
Fire Magic     | 4 |  4.1
Poison Magic   | 6 |  6.5
Short Blades   | |  0.2

Action                     |  1- 3 |  4- 6 |  7- 9 | 10-12 | 13-15 | 16-18 | 19-21 | 22-24 | 25-27 || total
---------------------------+-------+-------+-------+-------+-------+-------+-------+-------+-------++-------
  Melee: Flail             |   131 |    31 |       |       |       |       |       |       |       ||   162
         Hand axe          |       |    47 |   273 |   620 |  1222 |       |       |       |       ||  2162
         Dagger            |       |       |     6 |       |       |       |       |       |       ||     6
         Scimitar          |       |       |       |       |     5 |       |       |       |       ||     5
         Morningstar       |       |       |       |       |   275 |   910 |  2230 |  2043 |  4058 ||  9516
         Broad axe         |       |       |       |       |       |  1322 |   109 |       |   549 ||  1980
         Battleaxe         |       |       |       |       |       |       |    36 |       |       ||    36
         Eveningstar       |       |       |       |       |       |       |       |       |  6747 ||  6747
         Headbutt          |       |       |       |       |       |       |       |       |   124 ||   124
  Throw: Dart              |     8 |     7 |    26 |    50 |     3 |       |       |     2 |       ||    96
         Boomerang         |       |       |    10 |    70 |       |       |       |       |       ||    80
         Javelin           |       |       |       |     1 |    20 |     9 |     2 |     3 |    12 ||    47
         Throwing net      |       |       |       |       |       |     1 |     2 |       |     1 ||     4
   Cast: Blink             |       |       |       |       |     2 |       |       |       |    41 ||    43
         Vhi's Electric Ch |       |       |       |       |       |       |       |       |    75 ||    75
         Lesser Beckoning  |       |       |       |       |       |       |       |       |    27 ||    27
         Ignite Poison     |       |       |       |       |       |       |       |       |    12 ||    12
         Passwall          |       |       |       |       |       |       |       |       |     9 ||     9
         Cause Fear        |       |       |       |       |       |       |       |       |     5 ||     5
         Dispersal         |       |       |       |       |       |       |       |       |     5 ||     5
         Wereblood         |       |       |       |       |       |       |       |       |     5 ||     5
         Disjunction       |       |       |       |       |       |       |       |       |     1 ||     1
 Invoke: Recite            |       |       |     7 |    13 |    33 |    88 |   114 |    82 |    97 ||   434
         Sanctuary         |       |       |       |       |       |     1 |       |       |     5 ||     6
         Vitalisation      |       |       |       |       |       |     1 |       |       |     2 ||     3
         Cleansing Flame   |       |       |       |       |       |       |       |       |   390 ||   390
         Divine Shield     |       |       |       |       |       |       |       |       |   162 ||   162
         Summon Divine War |       |       |       |       |       |       |       |       |    36 ||    36
         Imprison          |       |       |       |       |       |       |       |       |     3 ||     3
         Brand Weapon With |       |       |       |       |       |       |       |       |     1 ||     1
  Evoke: Wand              |       |       |       |       |    18 |     2 |     5 |     1 |    14 ||    40
         Phantom mirror    |       |       |       |       |       |       |       |       |    10 ||    10
         Box of beasts     |       |       |       |       |       |       |       |       |     2 ||     2
         Phial of floods   |       |       |       |       |       |       |       |       |     1 ||     1
         Figurine of a zig |       |       |       |       |       |       |       |       |     1 ||     1
    Use: Scroll            |     5 |       |    12 |    11 |     9 |     8 |     8 |     3 |   117 ||   173
         Potion            |       |       |       |     7 |     4 |    18 |    11 |     6 |   129 ||   175
   Stab: Confused          |       |       |       |     2 |    15 |    47 |    63 |    63 |    66 ||   256
         Paralysed         |       |       |       |       |    16 |    16 |    14 |    14 |     5 ||    65
         Invisible         |       |       |       |       |     3 |     6 |     1 |       |       ||    10
 Armour: Scale mail        |    47 |       |       |       |       |       |       |       |       ||    47
         Ring mail         |    25 |    40 |   152 |   335 |   632 |     4 |       |       |       ||  1188
         Plate armour      |       |       |       |       |       |  1677 |  1732 |  1116 |  1387 ||  5912
         Crystal plate arm |       |       |       |       |       |   254 |       |       |       ||   254
         Gold dragon scale |       |       |       |       |       |       |       |       |  4192 ||  4192
         Skin              |       |       |       |       |       |       |       |       |    13 ||    13
  Dodge: Dodged            |    86 |    33 |   138 |   425 |   998 |  1765 |  1207 |   928 |  5172 || 10752
  Block: Buckler           |    33 |    23 |    77 |   244 |   285 |   806 |       |       |       ||  1468
         Kite shield       |       |       |       |       |       |   348 |  1512 |  2126 | 17318 || 21304
         Reflection        |       |       |       |       |       |       |    46 |    56 |   365 ||   467
         Tower shield      |       |       |       |       |       |       |       |       |    74 ||    74
         Other             |       |       |       |       |       |       |       |       |     1 ||     1

Table legend: (Time is in decaauts)
 A = Elapsed time spent in this place.
 B = Non-inter-level travel time spent in this place.
 C = Inter-level travel time spent in this place.
 D = Time resting spent in this place.
 E = Time spent auto-exploring this place.
 F = Levels seen in this place.
 G = Mean time per level.
                   A        B        C        D        E       F      G
               +--------+--------+--------+--------+--------+-----+--------+
         Total | 128352 | 112776 |  15576 |  19892 |  43720 | 163 |  787.4 |
       Dungeon |  19113 |  12880 |   6233 |    534 |   8810 |  15 | 1274.2 |
        Temple |     97 |     85 |     12 |      0 |     46 |   1 |   97.0 |
          Lair |   7129 |   5432 |   1697 |    159 |   3621 |   5 | 1425.8 |
        Shoals |   5532 |   5144 |    388 |    300 |   2176 |   4 | 1383.0 |
   Spider Nest |   5395 |   5194 |    201 |    649 |   2174 |   4 | 1348.8 |
    Slime Pits |   4296 |   3895 |    401 |   1551 |    798 |   5 |  859.2 |
  Orcish Mines |   2044 |   1397 |    647 |     11 |    626 |   2 | 1022.0 |
   Elven Halls |   5805 |   5419 |    386 |    582 |   1839 |   3 | 1935.0 |
        Vaults |  12566 |  10645 |   1921 |   2475 |   5128 |   5 | 2513.2 |
         Crypt |   3083 |   2418 |    665 |      0 |   1408 |   3 | 1027.7 |
          Tomb |   3264 |   2721 |    543 |    363 |    960 |   3 | 1088.0 |
        Depths |  10324 |   9078 |   1246 |   3445 |   3191 |   4 | 2581.0 |
          Hell |   1351 |   1168 |    183 |    417 |    302 |   1 | 1351.0 |
           Dis |   5263 |   5025 |    238 |   1888 |    594 |   7 |  751.9 |
       Gehenna |   2031 |   2001 |     30 |    302 |     41 |   7 |  290.1 |
       Cocytus |   3337 |   3270 |     67 |    457 |   1238 |   7 |  476.7 |
      Tartarus |   3593 |   3321 |    272 |    668 |   1127 |   7 |  513.3 |
           Zot |   9124 |   8683 |    441 |   2715 |   2914 |   5 | 1824.8 |
         Abyss |   1943 |   1943 |      0 |    361 |      0 |   8 |  242.9 |
   Pandemonium |  14553 |  14553 |      0 |   1594 |   5833 |  19 |  765.9 |
      Ziggurat |   5640 |   5640 |      0 |   1209 |    155 |  43 |  131.2 |
         Trove |    124 |    124 |      0 |      0 |      0 |   1 |  124.0 |
        Bailey |    548 |    548 |      0 |     12 |    137 |   1 |  548.0 |
      Ice Cave |    415 |    415 |      0 |      0 |    186 |   1 |  415.0 |
        Wizlab |   1127 |   1127 |      0 |    196 |    107 |   1 | 1127.0 |
      Gauntlet |    643 |    643 |      0 |      0 |    308 |   1 |  643.0 |
               +--------+--------+--------+--------+--------+-----+--------+

Top non-repeatable levels by time:
Vaults:1: 3848 daAuts
Depths:1: 3637 daAuts
Depths:2: 3473 daAuts
   Dis:7: 3348 daAuts
    D:10: 2798 daAuts
   Zot:1: 2787 daAuts
Vaults:5: 2734 daAuts
Vaults:2: 2583 daAuts
   Elf:3: 2450 daAuts
 Slime:4: 2348 daAuts
   Zot:4: 2065 daAuts
Spider:4: 2047 daAuts
    D:13: 2011 daAuts
Shoals:4: 1894 daAuts
   Tar:7: 1815 daAuts
